 Dungeon Crawl Stone Soup version 0.27-a0-1087-gf39c287674 (webtiles) character file.

Game seed: 1963160593791781557

1153946 EnegeticOcto the Slayer (level 27, -15/308 HPs)
             Began as a Palentonga Hedge Wizard on Apr 26, 2021.
             Was a High Priest of Hepliaklqana.
             Demolished by an iron giant
             ... wielding a +0 giant club
              (54 damage)
             ... on level 7 of the Iron City of Dis on Apr 27, 2021.
             The game lasted 03:36:24 (94169 turns).

EnegeticOcto the Slayer (Palentonga Hedge Wizard)  Turns: 94169, Time: 03:36:25

Health: -15/308    AC: 49    Str: 19 (20) XL:     27
Magic:  22/43      EV: 15    Int: 32      God:    Hepliaklqana [*****.]
Gold:   7891       SH: 20    Dex: 14      Spells: 10/59 levels left

rFire    + . .     SeeInvis +   a - +9 trishula (holy)
rCold    + + .     Faith    .   A - +5 kite shield {AC+3}
rNeg     + . .     Spirit   .   (armour currently unavailable)
rPois    ∞         Reflect  .   Y - +2 helmet {Int+3}
rElec    +         Harm     .   s - +2 cloak {rC+}
rCorr    +         Rampage  .   (gloves currently unavailable)
Will     +++..                  (no barding)
Stlth    +.........             V - amulet of Niotud {Acrobat Regen+ Slay+2}
HPRegen  1.61/turn              v - ring of Lies {rF+ Will+ rCorr Str+2}
MPRegen  0.28/turn              O - ring of Absolutism {rF- rC+ Int+8 Dex+2 Stlth-}

@: statue-form, studying 4 skills, curled up, very slow
A: slow and powerful, torment resistance 1, boosted hp, reduced essence, large,
rugged brown scales 3, see invisible, deformed body, roll 1, armoured tail,
reflexive curl, (iridescent scales 1), large bone plates 1, deterioration 1,
fire resistance 1, sense surroundings 1, electricity resistance, MP-powered
wands
}: 13/15 runes: decaying, slimy, silver, obsidian, icy, bone, abyssal, demonic,
glowing, magical, fiery, dark, gossamer
a: Rolling Charge, End Transformation, Renounce Religion, Recall Ancestor,
Ancestor Identity, Transference, Idealise


You were on level 7 of the Iron City of Dis.
You worshipped Hepliaklqana.
Hepliaklqana was extremely pleased with you.
You were a living statue of rough stone.
You visited 15 branches of the dungeon, and saw 78 of its levels.
You visited Pandemonium 1 time, and saw 14 of its levels.
You visited the Abyss 2 times.
You visited 1 ziggurat, and saw 15 of its levels.
You also visited: Ossuary, Bailey and Ice Cave.

You collected 10618 gold pieces.
You spent 2727 gold pieces at shops.

Inventory:

Hand Weapons
 a - a +9 trishula of holy wrath (weapon)
   (You took it off Mennas on level 2 of the Vaults)
 b - the +8 lance "Wyrmbane" {slay drac, rPois rF+ rC+ AC+3}
   (You found it on level 11 of a ziggurat)

   It affects your AC (+3).
   It protects you from fire.
   It protects you from cold.
   It protects you from poison.
 W - the +9 quick blade of Nemelex Xobeh's Anger {drain, rF+}
   (You took it off an orc warrior in a bailey)

   A truly terrible weapon, it drains the life of those it strikes.
   It protects you from fire.
Missiles
 y - 7 throwing nets {!f}
Armour
 s - a +2 cloak of cold resistance (worn)
   (You found it in an ice cave)
 A - a +5 kite shield of protection (worn)
   (You bought it in a shop on level 2 of the Orcish Mines)
 R - a +4 troll leather armour (melded)
   (You found it on level 10 of the Dungeon)
 S - a +4 barding (melded)
   (You took it off Nessos on level 5 of the Lair of Beasts)
 T - a +2 pair of gloves of stealth (melded)
   (You found it on level 5 of the Pits of Slime)
 Y - a +2 helmet of intelligence (worn)
   (You bought it in a shop on level 13 of the Dungeon)
Magical Staves
 i - a staff of earth
   (You acquired it on level 3 of the Vaults)
Jewellery
 u - the amulet of the Tempest {RegenMP rElec rPois rF+}
   (You found it on level 2 of the Lair of Beasts)

   [amulet of magic regeneration]

   It increases your rate of magic regeneration.
   It protects you from fire.
   It insulates you from electricity.
   It protects you from poison.
 v - the ring of Lies (left fist) {rF+ Will+ rCorr Str+2}
   (You acquired it on level 3 of the Elven Halls)

   [ring of resist corrosion]

   It affects your strength (+2).
   It protects you from fire.
   It protects you from acid and corrosion.
   It increases your willpower.
 L - a +4 ring of evasion
   (You found it on level 8 of the Dungeon)
 O - the ring of Absolutism (right fist) {rF- rC+ Int+8 Dex+2 Stlth-}
   (You found it on level 5 of the Pits of Slime)

   [ring of protection from cold]

   It affects your intelligence (+8).
   It affects your dexterity (+2).
   It makes you vulnerable to fire.
   It protects you from cold.
   It makes you less stealthy.
 V - the amulet of Niotud (around neck) {Acrobat Regen+ Slay+2}
   (You took it off a frost giant on level 3 of the Depths)

   [amulet of the acrobat]

   It increases your evasion while moving and waiting.
   It affects your accuracy and damage with ranged weapons and melee attacks
   (+2).
   It increases your rate of health regeneration.
 Z - a ring of flight
   (You found it on level 1 of the Depths)
Wands
 f - a wand of paralysis (61)
   (You found it on level 6 of the Dungeon)
 g - a wand of iceblast (103) {@v2}
   (You found it on level 8 of the Dungeon)
 M - a wand of digging (18) {@v3}
   (You found it on level 8 of the Dungeon)
 P - a wand of acid (47) {@v1}
   (You found it on level 12 of the Dungeon)
 Q - a wand of charming (33)
   (You found it on level 12 of the Dungeon)
Scrolls
 e - 16 scrolls of fear {!r}
 l - 6 scrolls of vulnerability
 t - 19 scrolls of teleportation {@r3 !r}
 z - 2 scrolls of blinking {@r4}
 B - 17 scrolls of fog {!r}
 K - 2 scrolls of immolation
 N - 7 scrolls of enchant armour
 U - 7 scrolls of magic mapping {@r5 !r}
Potions
 h - 8 potions of haste {@q4 !q}
 j - 10 potions of might {@q3 !q}
 n - 14 potions of brilliance
 o - 8 potions of attraction
 p - 8 potions of lignification {@q6}
 q - 5 potions of cancellation
 r - 22 potions of curing {@q1 !q}
 w - 7 potions of ambrosia
 D - 7 potions of berserk rage
 E - 3 potions of heal wounds {@q2 !q}
 F - 4 potions of invisibility
 G - 11 potions of magic
 H - 7 potions of resistance
 I - 8 potions of mutation
 J - 8 potions of flight
Miscellaneous
 d - a tin of tremorstones (2/2)
   (You found it on level 3 of the Lair of Beasts)
 k - a phantom mirror
   (You found it on level 5 of the Pits of Slime)
 m - a lightning rod (4/4)
   (You found it on level 4 of the Lair of Beasts)
 x - a box of beasts
   (You found it in an ice cave)
 C - a condenser vane
   (You found it on level 5 of the Pits of Slime)
 X - the horn of Geryon
   (You took it off Geryon in the Vestibule of Hell)


   Skills:
 - Level 26.0 Fighting
 - Level 8.6 Short Blades
 + Level 23.1 Polearms
 - Level 13.9 Armour
 - Level 12.6 Dodging
 - Level 1.2 Stealth
 - Level 9.0 Shields
 * Level 16.6 Spellcasting
 - Level 10.0 Conjurations
 - Level 3.0 Summonings
 - Level 10.0 Necromancy
 - Level 12.0 Translocations
 - Level 15.0 Transmutations
 + Level 22.8 Earth Magic
 - Level 12.0 Invocations
 - Level 15.0 Evocations


You had 10 spell levels left.
You knew the following spells:

 Your Spells              Type           Power      Damage    Failure   Level
a - Apportation           Tloc           100%       N/A       0%          1
b - Statue Form           Tmut/Erth      66%        N/A       1%          6
c - Irradiate             Conj/Tmut      41%        3d27      1%          5
d - Shatter               Erth           53%        3d40*     14%         9
e - Lesser Beckoning      Tloc           40%        N/A       1%          3
g - Sublimation of Blood  Necr           37%        N/A       1%          2
h - Lee's Rapid Deconstr  Erth           53%        3d26*     0%          5
j - Manifold Assault      Tloc           80%        N/A       1%          5
p - Passwall              Tmut/Erth      82%        N/A       0%          2
z - Passage of Golubria   Tloc           N/A        N/A       1%          4
M - Borgnjor's Vile Clut  Necr/Erth      46%        N/A       1%          5
Y - Blink                 Tloc           N/A        N/A       1%          2

Your spell library contained the following spells:

 Spells                   Type           Power      Damage    Failure   Level
 Beastly Appendage        Tmut           100%       N/A       0%          1
 Sandblast                Erth           100%       2d20      0%          1
 Wereblood                Tmut           89%        N/A       0%          2
 Stone Arrow              Conj/Erth      100%       3d13      0%          3
 Petrify                  Tmut/Erth      99%        N/A       0%          4
 Animate Skeleton         Necr           100%       N/A       1%          1
 Corona                   Hex            28%        N/A       1%          1
 Foxfire                  Conj/Fire      100%       2x1d9     1%          1
 Freeze                   Ice            100%       1d11      1%          1
 Magic Dart               Conj           100%       1d8       1%          1
 Pain                     Necr           100%       1d9       1%          1
 Shock                    Conj/Air       100%       1d9       1%          1
 Sting                    Tmut/Pois      100%       1d8       1%          1
 Summon Small Mammal      Summ           100%       N/A       1%          1
 Call Imp                 Summ           45%        N/A       1%          2
 Corpse Rot               Necr/Air       N/A        N/A       1%          2
 Searing Ray              Conj           100%       3d7       1%          2
 Static Discharge         Conj/Air       55%        N/A       1%          2
 Conjure Flame            Conj/Fire      55%        6-21      1%          3
 Dazzling Flash           Conj/Hex       100%       N/A       1%          3
 Gell's Gravitas          Tloc           40%        N/A       1%          3
 Ignite Poison            Fire/Tmut/Pois 55%        N/A       1%          3
 Mephitic Cloud           Conj/Pois/Air  47%        N/A       1%          3
 Portal Projectile        Hex/Tloc       100%       N/A       1%          3
 Spider Form              Tmut/Pois      32%        N/A       1%          3
 Vampiric Draining        Necr           37%        2d11      1%          3
 Animate Armour           Summ/Erth      100%       N/A       1%          4
 Animate Dead             Necr           37%        N/A       1%          4
 Dispel Undead            Necr           74%        3d25      1%          4
 Fulminant Prism          Conj/Hex       27%        3d14      1%          4
 Hailstorm                Conj/Ice       55%        3d12      1%          4
 Ice Form                 Ice/Tmut       65%        N/A       1%          4
 Iskenderun's Mystic Bla  Conj/Tloc      77%        2d15      1%          4
 Leda's Liquefaction      Hex/Erth       39%        N/A       1%          4
 Sticky Flame             Conj/Fire      55%        2d7       1%          4
 Agony                    Necr           74%        N/A       1%          5
 Alistair's Intoxication  Tmut/Pois      43%        N/A       1%          5
 Bolt of Magma            Conj/Fire/Erth 38%        4d16      1%          5
 Excruciating Wounds      Necr           37%        N/A       1%          5
 Hydra Form               Tmut           44%        N/A       1%          5
 Iskenderun's Battlesphe  Conj           74%        2d12      1%          5
 Summon Forest            Summ/Tloc      32%        N/A       1%          5
 Yara's Violent Unravell  Hex/Tmut       32%        3d13      1%          5
 Blade Hands              Tmut           44%        N/A       1%          6
 Dispersal                Tloc           40%        N/A       1%          6
 Iron Shot                Conj/Erth      46%        9d9       1%          6
 Ensorcelled Hibernation  Hex/Ice        52%        N/A       2%          2
 Poisonous Vapours        Pois/Air       52%        N/A       2%          2
 Slow                     Hex            26%        N/A       2%          2
 Summon Guardian Golem    Hex/Summ       36%        N/A       2%          3
 Dragon Form              Tmut           44%        N/A       2%          7
 Confusing Touch          Hex            26%        N/A       4%          3
 Frozen Ramparts          Ice            52%        1d7       4%          3
 Inner Flame              Hex/Fire       26%        N/A       4%          3
 Ozocubu's Armour         Ice            26%        N/A       4%          3
 Swiftness                Air            26%        N/A       4%          3
 Tukima's Dance           Hex            26%        N/A       4%          3
 Fireball                 Conj/Fire      27%        3d12      5%          5
 Lightning Bolt           Conj/Air       27%        1d44      5%          5
 Summon Ice Beast         Ice/Summ       36%        N/A       9%          4
 Eringya's Noxious Bog    Tmut/Pois      32%        N/A       11%         6
 Lehudib's Crystal Spear  Conj/Erth      46%        10d11     12%         8
 Airstrike                Air            13%        N/A       16%         4
 Cause Fear               Hex            13%        N/A       16%         4
 Olgreb's Toxic Radiance  Pois           26%        N/A       16%         4
 Orb of Destruction       Conj           37%        9d13      22%         7
 Summon Mana Viper        Hex/Summ       36%        N/A       24%         5
 Conjure Ball Lightning   Conj/Air       27%        3x3d8     30%         6
 Simulacrum               Ice/Necr       27%        N/A       30%         6
 Starburst                Conj/Fire      27%        8x6d9     30%         6
 Metabolic Englaciation   Hex/Ice        13%        N/A       41%         5
 Silence                  Hex/Air        13%        N/A       41%         5
 Freezing Cloud           Conj/Ice/Air   23%        6-21      52%         6
 Malign Gateway           Summ/Tloc      32%        N/A       52%         7
 Disjunction              Tloc           40%        N/A       58%         8
 Haunt                    Necr/Summ      31%        N/A       67%         7
 Spellforged Servitor     Conj/Summ      31%        N/A       67%         7
 Borgnjor's Revivificati  Necr           37%        N/A       86%         8
 Invisibility             Hex            26%        N/A       94%         6
 Monstrous Menagerie      Summ           22%        N/A       98%         7
 Summon Hydra             Summ           22%        N/A       98%         7
 Ozocubu's Refrigeration  Ice            13%        4d7       100%        7
 Chain Lightning          Conj/Air       27%        N/A       100%        8
 Discord                  Hex            13%        N/A       100%        8
 Ignition                 Fire           13%        3d6       100%        8
 Summon Horrible Things   Summ           22%        N/A       100%        8
 Absolute Zero            Ice            13%        ∞         100%        9
 Dragon's Call            Summ           22%        N/A       100%        9
 Fire Storm               Conj/Fire      27%        8d7       100%        9
 Tornado                  Air            13%        N/A       100%        9


Dungeon Overview and Level Annotations

Branches:
Dungeon (15/15)            Temple (0/1) D:7            Lair (6/6) D:10
  Swamp (4/4) Lair:2       Spider (4/4) Lair:3        Slime (5/5) Lair:6
    Orc (2/2) D:10            Elf (3/3) Orc:2        Vaults (5/5) D:13
  Crypt (3/3) Vaults:2       Tomb (0/3) Crypt:3      Depths (5/5) D:15
   Hell (visited)             Dis (7/7) Hell            Geh (7/7) Hell
    Coc (7/7) Hell            Tar (7/7) Hell            Zot (0/5) Depths:5
Ossuary (visited)          Bailey (visited)           IceCv (visited)

Altars:
Dithmenos
Elyvilon
Fedhas
Gozag
Hepliaklqana
Nemelex Xobeh
Qazlal
Trog
Vehumet
Xom
Yredelemnul
Zin
The Shining One
Jiyva

Shops:
D:1 *   D:3 !   D:10 [   D:13 [   Orc:1 [   Orc:2 ([*:   Vaults:3 ?
Depths:1 *

Portals:
Hell: Depths:1 Depths:2 Depths:3 Depths:4 Depths:5
Abyss: Depths:1 Depths:4
Pandemonium: Depths:3 Depths:5

Annotations:
Elf:2 2 runed translucent doors
Geh:2 12 runed doors


Innate Abilities, Weirdness & Mutations

You are a living statue of rough stone.
Your actions are slow, but your melee attacks are powerful.
You are resistant to unholy torment.
Your maximum health is greatly increased.
You are immune to poison.
Your equipment is partially melded.
Your life essence is reduced to manifest your ancestor. (-10% HP)
(You are completely covered in rugged brown scales. (AC +3, +7% HP))
You have supernaturally acute eyesight. (SInv)
Armour fits poorly on your strangely shaped body.
You can roll at nearby foes to attack.
You have a long armoured tail.
You curl defensively after being hit.
((You are partially covered in iridescent scales. (AC +2)))
You are partially covered in large bone plates. (SH +4)
Your body sometimes deteriorates upon taking damage.
Your flesh is heat resistant. (rF+)
You passively map a small area around you.
You are resistant to electric shocks. (rElec)
You expend magic power (3 MP) to strengthen your wands.


Message History

The iron giant is severely wounded.
The iron giant hits you with a +0 giant club!!!
HEP STRONK casts a spell at the iron giant.
The bolt of magma hits the iron giant!
The iron giant partially resists.
The iron giant hits you with a +0 giant club!!!
You swap places.
HEP STRONK hits the iron giant with a +0 lajatang of freezing!
The iron giant hits HEP STRONK with a +0 giant club!!!
HEP STRONK hits the iron giant with a +0 lajatang of freezing!
HEP STRONK freezes the iron giant.
The iron giant hits HEP STRONK but does no damage.
The iron giant hits HEP STRONK with a +0 giant club!!!
HEP STRONK is destroyed!
The iron giant shouts!
You hit the iron giant but do no damage.
The iron giant is almost dead.
You puncture the iron giant!
The iron giant is almost dead.
The iron giant hits you with a +0 giant club!!!
* * * LOW HITPOINT WARNING * * *
Your body deteriorates!
You feel weakened.
Okay, then.
Press: ? - help, v - describe, . - travel
Here: an iron giant, wielding a +0 giant club (moderately wounded)
A large open door.
Really quaff
E - 6 potions of heal wounds {@q2 !q}?
Okay, then.
Blink to where?
Press: ? - help, Dir - move target, p - iron giant
As you read the scroll of blinking {@r4}, it crumbles to dust.
You are no longer corroded.
You close the large door.
Really quaff
E - 6 potions of heal wounds {@q2 !q}?
You feel much better.
Casting: Borgnjor's Vile Clutch (safe; 1% risk of failure)
Confirm with . or Enter, or press ? or * to list all spells.
Aiming: Borgnjor's Vile Clutch (safe; 1% risk of failure)
Press: ? - help, Shift-Dir - straight line, f - iron giant
Aim: an iron giant, wielding a +0 giant club (moderately wounded, 100% to hit)
Zombie hands grab the iron giant.
The zombie hands constrict the iron giant, but do no damage.
The iron giant points at you and mumbles some strange words.
The iron shot hits you!
* * * LOW HITPOINT WARNING * * *
Aiming: Corrosive Bolt
Press: ? - help, Shift-Dir - straight line, f/p - iron giant
Aim: an iron giant, wielding a +0 giant club (moderately wounded, constricted by zombie hands, 100% to hit)
You feel a surge of power!
The bolt of acid hits the iron giant!!
The iron giant is splashed with acid.
The iron giant is moderately wounded.
The zombie hands constrict the iron giant.
The iron giant struggles to escape constriction.
The iron giant escapes!
Aiming: Corrosive Bolt
Press: ? - help, Shift-Dir - straight line, f - iron giant, p - iron giant
Aim: an iron giant, wielding a +0 giant club (almost dead, 100% to hit)
You feel a surge of power!
The bolt of acid hits the iron giant!
The iron giant is splashed with acid.
The acid corrodes the iron giant!
The iron giant is heavily wounded.
The bolt of acid hits the iron giant!!
The iron giant is splashed with acid.
You kill the iron giant!
You block the iron giant's attack.
The iron giant hits you with a +0 giant club!!
* * * LOW HITPOINT WARNING * * *
Really quaff
E - 5 potions of heal wounds {@q2 !q}?
You feel much better. You block the iron giant's attack.
Casting: Borgnjor's Vile Clutch (safe; 1% risk of failure)
Confirm with . or Enter, or press ? or * to list all spells.
Aiming: Borgnjor's Vile Clutch (safe; 1% risk of failure)
Press: ? - help, Shift-Dir - straight line, f - iron giant
Aim: an iron giant, wielding a +0 giant club (heavily wounded, covered in acid, 100% to hit)
Zombie hands grab the iron giant.
The zombie hands constrict the iron giant.
The iron giant hits you with a +0 giant club!
* * * LOW HITPOINT WARNING * * *
The iron giant hits you with a +0 giant club!!
* * * LOW HITPOINT WARNING * * *
Really quaff
E - 4 potions of heal wounds {@q2 !q}?
You feel much better.
The zombie hands constrict the iron giant!
You block the iron giant's attack.
You impale the iron giant!!
The iron giant is heavily wounded.
The zombie hands constrict the iron giant, but do no damage.
The zombie hands release their grip on the iron giant.
You block the iron giant's attack.
You impale the iron giant!!
The iron giant is severely wounded.
You block the iron giant's attack.
You impale the iron giant!! You tail-slap the iron giant.
The iron giant is almost dead.
The iron giant hits you but does no damage.
You puncture the iron giant!
The iron giant is almost dead.
The iron giant hits you with a +0 giant club!!
* * * LOW HITPOINT WARNING * * *
You barely miss the iron giant.
The iron giant is almost dead.
The iron giant hits you with a +0 giant club!!!
You die...

............)....................
#####............................
...[#..........).................
'####............................
....#####################'######*
....# ##...##**** '####
#.....#*,*, .###################
##)).##*,,* ................8C.#
#.....#*+** .#################)#
##...##*,** .#*###############.#
#.....#*,*, .#*......)'CC...++.#
##)).##*,** .#*......##.....####
#...).#*'** .#*+####**#######
##...##*,,* .#*+*************
####'####,*,
.#*,,,,,,++,,,,,*#####...[...##**
.#*,,,,,,**,,,,,*#...............


You could see an iron giant (corroded).

Vanquished Creatures
  Cerebov (Pan)
  Antaeus (Coc:7)
  the Royal Jelly (Slime:5)
  6 pandemonium lords
  Gloorx Vloq (Pan)
  3 dread liches
  Lom Lobon (Pan)
  Khufu (Crypt:3)
  Mara (Vaults:2)
  3 juggernauts
  A royal mummy (Zig:14)
  2 shard shrikes (Coc:1)
  Saint Roka (Vaults:2)
  4 Killer Klowns (Zig:13)
  Nikola (Spider:1)
  2 caustic shrikes (Depths:5)
  A golden dragon (Vaults:5)
  Geryon (Hell)
  the Enchantress (Depths:1)
  5 bone dragons
  A profane servitor (Crypt:3)
  6 doom hounds
  6 Tzitzimimeh
  6 Brimstone Fiends
  3 iron giants (Dis:7)
  5 tentacled monstrosities
  9 Ice Fiends
  6 Hell Sentinels
  Rupert (D:13)
  2 quicksilver dragons
  Asterion (Elf:3)
  Murray (Depths:4)
  5 titans
  2 deep elf master archers (Elf:3)
  An acid blob (shapeshifter) (Vaults:5)
  7 liches
  5 ancient champions
  12 Executioners (Pan)
  A tentacled starspawn (Abyss:1)
  8 acid blobs
  3 sphinxes
  3 deep elf blademasters (Elf:3)
  A sphinx (shapeshifter) (Vaults:5)
  Kirke (Lair:5)
  3 shadow dragons
  6 tengu reavers
  2 rockslimes (Slime:3)
  5 azure jellies
  3 iron dragons
  4 storm dragons
  13 frost giants
  3 nagarajas (Depths:1)
  10 fire giants
  2 ghost moths (Spider:4)
  22 balrugs
  10 deep elf sorcerers
  7 vault wardens
  5 emperor scorpions
  4 black suns (Pan)
  2 curse skulls (Pan)
  Aizul (Swamp:4)
  A cacodemon (Pan)
  A draconian shifter (Abyss:1)
  5 orc warlords
  3 deep elf elementalists (Elf:3)
  4 warmongers (Pan)
  2 quicksilver oozes (Slime:5)
  5 ghouls
  6 ironbound preservers
  4 spriggan defenders
  A draconian stormcaller (Zig:2)
  13 reapers
  3 draconian annihilators
  A caustic shrike skeleton (Zig:14)
  8 stone giants
  8 war gargoyles
  23 very ugly things
  5 vampire knights
  3 blood saints (Pan)
  A green draconian (Abyss:1)
  5 bunyips
  A black draconian (Depths:5)
  Nessos (Lair:5)
  5 dire elephants
  2 corrupters (Pan)
  2 yellow draconians
  4 entropy weavers
  9 deep elf annihilators
  3 lorocyprocas (Pan)
  11 deep elf demonologists
  2 spark wasps (Depths:4)
  A quicksilver dragon zombie (Crypt:1)
  9 blizzard demons
  9 green deaths
  11 ettins
  11 jiangshi
  4 eleionomae
  10 fire dragons
  5 deep elf death magi
  A merfolk impaler (Depths:3)
  6 mummy priests
  A kraken zombie (Hell)
  6 yaktaur captains
  A shambling mangrove (Swamp:2)
  7 great orbs of eyes
  6 rakshasas
  Harold (Lair:1)
  A great orb of eyes (shapeshifter) (Zig:13)
  A hell beast (Dis:7)
  2 boulder beetles
  Fannar (Lair:1)
  3 naga warriors (Depths:1)
  3 ironbound thunderhulks
  A deep elf high priest (Elf:3)
  4 monstrous demonspawn (Pan)
  Erolcha (D:9)
  2 ogre magi (Vaults:5)
  18 vault guards
  29 hydras
  6 spriggan air magi
  15 ice dragons
  2 peacekeepers (Vaults:4)
  4 ghost crabs
  6 ironbound frosthearts
  4 centaur warriors
  A catoblepas (D:13)
  4 death knights
  An anaconda (Depths:1)
  5 titan zombies
  15 alligators
  8 dancing weapons
  2 death scarabs (Zig:14)
  7 deep troll earth magi
  9 two-headed ogres
  8 deep troll shamans
  6 tengu warriors
  18 hell knights
  9 hell hogs
  3 orc high priests
  10 spriggan berserkers
  2 storm dragon zombies (Geh:7)
  2 iron golems (Hell)
  8 vampire magi
  5 ironbound beastmasters
  44 sun demons
  2 deep elf knights
  Nergalle (Lair:3)
  8 shadow wraiths
  3 titan skeletons
  17 soul eaters
  23 large abominations
  A spark wasp zombie (Zig:9)
  9 sixfirhies
  A wretched star (Abyss:3)
  A fire crab (Zig:3)
  9 iron trolls
  34 skeletal warriors
  5 infernal demonspawn
  5 anaconda zombies
  3 spriggan druids
  4 goliath frogs
  29 deep trolls
  3 shadow dragon zombies
  4 golden dragon zombies
  11 flayed ghosts
  2 gelid demonspawn (Pan)
  An orange crystal statue (Elf:3)
  3 glowing orange brains
  A spatial maelstrom (Zig:4)
  A deep troll (shapeshifter) (Vaults:2)
  A glowing orange brain (shapeshifter) (Zig:13)
  9 shadow demons
  5 deep elf archers (Elf:1)
  10 bog bodies
  16 phantasmal warriors
  12 ironbound convokers
  10 lindwurms
  6 swamp dragons
  17 deep elf zephyrmancers
  An iron dragon zombie (Coc:3)
  7 wizards
  A wolf spider zombie (Dis:2)
  An anaconda skeleton (Geh:7)
  15 deep elf pyromancers
  38 ugly things
  25 orb spiders
  9 orc knights
  7 manticores
  4 necromancers
  30 wolf spiders
  3 stone giant zombies
  2 shadow dragon skeletons
  A shining eye (shapeshifter) (Depths:3)
  11 elephants
  8 orc sorcerers
  A will-o-the-wisp (Zig:10)
  2 frost giant zombies
  2 cyclopes
  A manticore (shapeshifter) (Zig:13)
  A worldbinder (Zig:6)
  3 dire elephant zombies
  6 moths of wrath
  A guardian serpent (Depths:1)
  20 rust devils
  4 iron dragon skeletons
  3 fire giant skeletons
  A stone giant skeleton (Geh:7)
  6 frost giant skeletons
  A centaur zombie (D:10)
  6 black mambas
  8 vault sentinels
  A titan simulacrum (Vaults:1)
  10 molten gargoyles
  16 smoke demons
  A gargoyle (D:14)
  2 eyes of devastation
  5 orange demons (Pan)
  4 ice statues
  2 naga magi (Depths:1)
  4 torpor snails
  3 spriggan skeletons
  An unseen horror (D:11)
  3 cane toads
  15 hellions
  A human zombie (Vaults:1)
  8 efreet
  A pale draconian zombie (Crypt:2)
  3 kobold demonologists
  A shock serpent skeleton (Crypt:2)
  2 anaconda simulacra (IceCv)
  A catoblepas skeleton (Geh:2)
  6 yaktaurs
  12 tormentors
  Maggie (Lair:1)
  8 komodo dragons
  20 freezing wraiths
  2 dire elephant skeletons
  11 guardian mummies
  17 demonic crawlers
  28 ice devils
  6 hellwings
  A silent spectre (Tar:6)
  5 tengu conjurers
  2 golden dragon simulacra
  20 red devils
  7 trolls
  26 jumping spiders
  2 wolf spider simulacra
  A harpy zombie (Dis:7)
  A troll (shapeshifter) (Vaults:5)
  3 hydra zombies
  A sea snake skeleton (Hell)
  A bloated husk (Zig:10)
  A polar bear (Lair:4)
  2 meliai (Abyss:3)
  10 tyrant leeches
  8 hydra skeletons
  An alligator zombie (Coc:6)
  17 hornets
  A hornet (shapeshifter) (Elf:2)
  13 blink frogs
  A harpy skeleton (Coc:7)
  A deep troll zombie (Hell)
  3 fire dragon zombies
  7 ettin zombies
  10 dream sheep
  2 fire giant simulacra
  An iron dragon simulacrum (Vaults:1)
  A stone giant simulacrum (Coc:7)
  26 slime creatures
  61 flying skulls
  2 ettin skeletons
  A black mamba zombie (Geh:7)
  4 alligator skeletons
  14 shadows
  A fire dragon skeleton (Hell)
  5 spriggans
  14 water elementals
  12 wraiths
  25 yaks
  15 ynoxinuls (Pan)
  An ice dragon skeleton (Geh:7)
  69 redbacks
  9 humans (D:13)
  2 dire elephant simulacra (IceCv)
  28 tarantellas
  5 wyverns
  3 battlemagi
  A hog (Lair:5)
  2 black mamba skeletons
  3 basilisks
  A hog (shapeshifter) (Depths:4)
  8 neqoxecs
  3 golden eyes (Abyss:3)
  A wind drake skeleton (Crypt:2)
  7 chaos spawn
  5 ushabtiu (Zig:14)
  7 fire elementals
  3 fire bats (Depths:1)
  5 vampire mosquitoes
  6 wargs
  An ogre zombie (Vaults:1)
  A swamp worm (shapeshifter) (Depths:4)
  3 iron troll simulacra (IceCv)
  A tengu zombie (Hell)
  A naga (Depths:1)
  3 water moccasins
  17 swamp worms
  4 hydra simulacra (IceCv)
  A floating eye (Pan)
  4 cane toad zombies
  7 swamp drakes
  25 hell hounds
  A merfolk skeleton (Crypt:1)
  43 orc warriors
  An ettin simulacrum (Crypt:3)
  6 ice beasts
  2 black bears
  A sky beast (D:7)
  2 swamp dragon zombies (Geh:7)
  15 necrophages
  3 cane toad skeletons
  8 ogres
  4 wolves
  A manticore skeleton (Geh:3)
  13 small abominations
  3 centaurs
  2 phantoms
  2 kobold brigands
  6 bullfrogs
  2 human simulacra
  2 scorpions
  A wyvern zombie (D:5)
  3 earth elementals
  A human skeleton (Vaults:5)
  2 spriggan zombies
  A water moccasin skeleton (D:4)
  21 wights
  4 howler monkeys
  3 electric eels
  5 crimson imps (Pan)
  2 lava snakes (Lair:6)
  2 quasits (Abyss:1)
  A bullfrog zombie (D:5)
  21 starcursed masses
  A draconian simulacrum (IceCv)
  A jelly (D:4)
  3 hounds
  20 orc priests
  A bullfrog skeleton (D:5)
  A centaur skeleton (D:6)
  3 iron imps
  A gnoll shaman (Zig:12)
  17 orc wizards
  An iguana (D:5)
  13 hell rats
  6 spriggan simulacra
  A killer bee zombie (D:7)
  A polar bear simulacrum (IceCv)
  A wolf simulacrum (IceCv)
  A centaur simulacrum (IceCv)
  An acid dragon skeleton (Crypt:2)
  A tengu skeleton (Geh:3)
  A howler monkey zombie (D:5)
  18 mummies
  3 naga simulacra (IceCv)
  2 ogre simulacra (IceCv)
  3 adders
  8 shadow imps
  20 white imps
  6 ufetubi (IceCv)
  A lava snake zombie (Crypt:2)
  A lava snake skeleton (Crypt:1)
  4 worms
  2 dart slugs
  48 orcs
  7 bats
  6 endoplasms
  A giant cockroach (D:4)
  2 gnoll zombies (Ossuary)
  8 goblins
  7 hobgoblins
  13 jackals
  4 quokkas
  9 ball pythons
  3 frilled lizards
  3 gnoll skeletons
  7 goblin skeletons (Ossuary)
  6 goblin zombies (Ossuary)
  A hobgoblin skeleton (Ossuary)
  A hobgoblin zombie (Ossuary)
  2 jackal skeletons (Crypt:1)
  19 kobolds
  A kobold skeleton (Ossuary)
  4 kobold zombies (Ossuary)
  4 orc skeletons (Ossuary)
  6 orc zombies (Ossuary)
  A quokka skeleton (Crypt:2)
  6 rats
  3 rat skeletons (Ossuary)
  5 rat zombies (Ossuary)
  A fire vortex (Pan)
  A starspawn tentacle (Abyss:2)
  3 tentacles (Hell)
2503 creatures vanquished.

Vanquished Creatures (collateral kills)
  Asmodeus (Geh:7)
  Ereshkigal (Tar:7)
  Mnoleg (Pan)
  A dread lich (Vaults:5)
  An ancient lich (Vaults:5)
  A pandemonium lord (Pan)
  Mennas (Vaults:2)
  3 juggernauts
  Sojobo (Vaults:4)
  Bai Suzhen (Vaults:2)
  Xtahua (Depths:3)
  3 golden dragons
  5 caustic shrikes
  Arachne (Spider:2)
  8 Tzitzimimeh
  3 bone dragons
  2 iron giants (Dis:7)
  3 doom hounds
  7 Brimstone Fiends
  An Ice Fiend (Coc:7)
  4 tentacled monstrosities (Vaults:5)
  A Hell Sentinel (Pan)
  2 liches
  2 titans (Pan)
  A quicksilver dragon (Dis:7)
  7 acid blobs
  3 sphinxes
  2 ancient champions
  3 thorn hunters
  2 tentacled starspawn
  2 Executioners (Pan)
  7 shadow dragons
  The ghost of fram the Severer, an adept FoFi of Okawaru (Swamp:4)
  A sphinx (shapeshifter) (Zig:13)
  2 storm dragons
  Donald (Spider:3)
  7 tengu reavers
  2 nagarajas (Depths:1)
  2 revenants
  2 rockslimes (Slime:5)
  A fenstrider witch (shapeshifter) (Zig:13)
  3 azure jellies
  A draconian knight (Depths:5)
  3 fire giants
  3 deep elf sorcerers
  2 iron dragons (Dis:7)
  7 orc warlords
  4 vault wardens
  6 frost giants
  11 balrugs
  8 cacodemons (Pan)
  A frost giant (shapeshifter) (Depths:4)
  2 deep elf elementalists (Elf:3)
  A draconian annihilator (Pan)
  A ghost moth (Spider:4)
  3 curse skulls
  2 elemental wellsprings (Coc:7)
  3 quicksilver oozes (Slime:5)
  14 reapers
  17 very ugly things
  5 ironbound preservers
  6 stone giants
  2 black suns (Pan)
  5 war gargoyles
  5 vampire knights
  A juggernaut skeleton (Vaults:1)
  A red draconian (Depths:5)
  A yellow draconian (Depths:5)
  A bunyip (Zig:10)
  2 entropy weavers
  3 lorocyprocas (Pan)
  2 spark wasps
  2 deep elf annihilators
  3 dire elephants
  Snorg (Lair:6)
  2 eleionomae
  A merfolk javelineer (Depths:3)
  5 deep elf death magi
  5 jiangshi
  4 ettins
  3 shambling mangroves
  3 fire dragons
  A blizzard demon (Coc:3)
  9 yaktaur captains
  A crystal guardian (Vaults:4)
  3 deep elf high priests (Vaults:5)
  12 vault guards
  A merfolk impaler (Depths:3)
  7 naga warriors (Depths:1)
  2 quicksilver dragon skeletons
  9 great orbs of eyes
  5 hydras
  2 ironbound thunderhulks
  4 boulder beetles
  7 ice dragons
  2 rakshasas
  An anaconda (Depths:1)
  2 spriggan air magi
  6 centaur warriors
  3 ironbound frosthearts
  2 ghost crabs
  4 death knights
  4 dancing weapons (Elf:2)
  3 alligators
  3 two-headed ogres
  2 tengu warriors (Depths:1)
  A satyr (shapeshifter) (Vaults:5)
  A death scarab (Zig:14)
  8 deep troll shamans
  2 orc high priests
  2 titan zombies
  2 hell hogs
  3 thrashing horrors
  11 soul eaters
  2 deep troll earth magi
  5 ironbound beastmasters
  3 shock serpents (Pan)
  2 vampire magi (Crypt:1)
  14 hell knights
  A shock serpent (shapeshifter) (Depths:5)
  4 deep elf knights
  21 sun demons
  3 wretched stars
  A fire crab (Lair:6)
  2 iron golems
  An iron troll (shapeshifter) (Zig:13)
  5 iron trolls
  2 storm dragon skeletons
  2 flayed ghosts
  9 sixfirhies (Pan)
  6 shadow wraiths
  27 skeletal warriors
  24 deep trolls
  5 gelid demonspawn (Pan)
  8 swamp dragons
  16 large abominations
  A torturous demonspawn (Pan)
  A golden dragon zombie (Zig:14)
  An obsidian statue (D:12)
  A deep elf archer (Elf:2)
  A glowing orange brain (Slime:5)
  4 ironbound convokers
  An infernal demonspawn (Pan)
  2 anaconda zombies
  5 shadow demons
  7 deep elf pyromancers
  7 necromancers
  5 wizards
  4 anaconda skeletons
  2 shadow dragon zombies
  2 orc knights
  2 lindwurms
  A wolf spider zombie (Dis:2)
  An iron dragon zombie (Geh:7)
  11 phantasmal warriors
  32 slime creatures
  2 oklob plants
  5 shining eyes
  3 shadow dragon skeletons
  5 deep elf zephyrmancers
  14 ugly things
  A stone giant zombie (Geh:7)
  3 orc sorcerers
  7 wolf spiders
  2 manticores
  2 frost giant zombies
  11 orb spiders
  A fire giant zombie (Coc:7)
  2 will-o-the-wisps
  A moth of wrath (Spider:4)
  A sphinx skeleton (Vaults:1)
  3 cyclopes
  3 black mambas
  A shock serpent zombie (Geh:7)
  10 elephants
  8 vault sentinels
  An eye of devastation (Slime:5)
  Joseph (D:14)
  An apocalypse crab (Zig:13)
  3 frost giant skeletons
  2 fire giant skeletons
  9 orange demons (Pan)
  3 guardian serpents (Depths:1)
  6 smoke demons
  An ice statue (Coc:7)
  10 molten gargoyles
  7 rust devils
  An eye of devastation (shapeshifter) (D:15)
  5 cane toads
  2 dire elephant skeletons
  4 hellions
  14 freezing wraiths
  An efreet (Pan)
  2 elf zombies
  A kobold demonologist (D:13)
  2 komodo dragons
  10 yaktaurs
  2 anaconda simulacra (IceCv)
  5 demonic crawlers
  11 tormentors
  A hellwing (Pan)
  A catoblepas skeleton (Crypt:2)
  5 guardian mummies (Crypt:3)
  A tengu conjurer (D:15)
  3 harpy zombies
  9 ice devils
  6 trolls
  2 ancient zymes (Abyss:1)
  A queen bee (Abyss:3)
  A tyrant leech (Depths:4)
  12 red devils
  4 hydra zombies
  3 meliai (Abyss:3)
  A polar bear (Lair:5)
  14 jumping spiders
  9 hornets
  3 raiju
  2 harpy skeletons
  5 blink frogs
  Prince Ribbit (D:5)
  A fire dragon zombie (Coc:7)
  2 spriggan zombies (Zig:9)
  7 hydra skeletons
  4 ettin zombies
  6 dream sheep
  2 ice dragon zombies
  45 flying skulls
  2 alligator zombies
  A redback (shapeshifter) (Vaults:5)
  26 redbacks
  7 shadows
  A tarantella (shapeshifter) (Depths:4)
  10 water elementals
  9 wraiths
  2 dire elephant simulacra
  A black mamba zombie (Hell)
  2 spriggans
  14 tarantellas
  8 ynoxinuls (Pan)
  An ice dragon skeleton (Coc:3)
  An ushabti (Zig:14)
  A black mamba skeleton (Tar:4)
  2 steam dragons
  3 basilisks
  11 yaks
  2 wyverns (Lair:6)
  7 fire elementals
  2 golden eyes (Abyss:3)
  7 humans (D:13)
  5 chaos spawn
  10 neqoxecs
  A fire bat (Depths:1)
  An iron troll simulacrum (IceCv)
  A vampire mosquito (D:12)
  Menkaure (Ossuary)
  Edmund (D:5)
  2 wargs
  A naga (Depths:1)
  3 swamp worms
  2 harpy simulacra (IceCv)
  2 cane toad zombies
  A floating eye (shapeshifter) (Depths:3)
  7 hell hounds
  A swamp drake (Swamp:1)
  5 water moccasins
  A hydra simulacrum (IceCv)
  20 orc warriors
  9 necrophages
  11 starcursed masses
  3 swamp dragon zombies
  4 cane toad skeletons
  An ice beast (Coc:2)
  A black bear (D:6)
  2 wolves
  3 ogres
  A swamp dragon skeleton (Geh:7)
  2 centaurs
  A phantom (Tar:2)
  A snapping turtle skeleton (Geh:7)
  A nameless horror (D:9)
  2 scorpions
  A bullfrog (D:6)
  11 wights
  A jelly (D:4)
  2 howler monkeys
  2 lava snakes (Lair:6)
  A bullfrog zombie (D:5)
  A centaur zombie (Crypt:2)
  A draconian simulacrum (IceCv)
  9 orc priests
  3 hounds
  5 small abominations
  A gnoll shaman (D:4)
  4 iguanas
  An iron imp (Dis:6)
  2 orc wizards (Orc:2)
  A human skeleton (Geh:2)
  7 hell rats
  2 troll simulacra (IceCv)
  A naga zombie (Geh:6)
  An ogre zombie (Crypt:1)
  2 mummies
  4 gnolls (D:4)
  5 adders
  A shadow imp (Tar:3)
  5 white imps
  An ufetubus (IceCv)
  31 orcs
  A bat (D:1)
  5 endoplasms
  7 goblins
  4 hobgoblins
  5 jackals
  6 kobolds
  A quokka (D:5)
  A frilled lizard (shapeshifter) (D:15)
  2 gnoll skeletons (Ossuary)
  A goblin skeleton (Ossuary)
  A hobgoblin skeleton (Ossuary)
  A kobold skeleton (Ossuary)
  An orc skeleton (Ossuary)
  A rat skeleton (Ossuary)
  A rat zombie (Ossuary)
  A fire vortex (Pan)
  2 starspawn tentacles
  A tentacle (Hell)
1350 creatures vanquished.

Vanquished Creatures (others)
  A pandemonium lord (Pan)
  A hydra (Zig:10)
  2 swamp dragons (Zig:10)
  3 wizards
  A deep elf pyromancer (Elf:1)
  An ugly thing (Depths:4)
  4 flying skulls
  A water elemental (Coc:7)
  3 tarantellas (Spider:1)
  A fire dragon skeleton (Geh:7)
  A large abomination (Pan)
  A chaos spawn (Pan)
  3 hell hounds (Dis:7)
  An orc warrior (Orc:2)
  A snapping turtle skeleton (Geh:7)
  A swamp dragon skeleton (Geh:6)
  A hell rat (Hell)
  71 battlemagi
  A shadow imp (Tar:4)
  A white imp (Coc:7)
  9 ancestors
  6 ball lightnings (Pan)
  A fire vortex (Pan)
  2 foxfires (Swamp:3)
  32 fungi
  83 plants
  10 starspawn tentacles
  7 tentacles (Hell)
  2 withered plants (Swamp:4)
252 creatures vanquished.

Grand Total: 4105 creatures vanquished

Notes
Turn   | Place    | Note
-------+----------+-------------------------------------------
     0 | D:1      | EnegeticOcto the Palentonga Hedge Wizard began the quest
                  | for the Orb.
     0 | D:1      | Reached XP level 1. HP: 13/13 MP: 4/4
    46 | D:1      | Reached skill level 1 in Summonings
   328 | D:1      | Reached XP level 2. HP: 18/20 MP: 6/6
   331 | D:1      | Learned a level 2 spell: Call Imp
   334 | D:1      | Learned a level 2 spell: Blink
   337 | D:1      | Learned a level 2 spell: Slow
   467 | D:1      | Reached skill level 2 in Summonings
   577 | D:1      | Found Kalouheo's General Store.
  1213 | D:1      | Reached XP level 3. HP: 25/25 MP: 3/7
  2260 | D:2      | Reached skill level 3 in Summonings
  2530 | D:2      | Noticed a black bear
  2543 | D:2      | HP: 1/26 [black bear (6)]
  2546 | D:2      | Killed a black bear
  2547 | D:2      | Reached skill level 1 in Fighting
  2547 | D:2      | Reached skill level 2 in Fighting
  2547 | D:2      | Reached XP level 4. HP: 2/36 MP: 0/8
  3194 | D:2      | Reached skill level 3 in Fighting
  3194 | D:2      | Reached XP level 5. HP: 13/43 MP: 1/9
  4130 | D:3      | Found Hasauhu's Distillery.
  4782 | D:3      | Found a shimmering altar of Xom.
  4783 | D:3      | Found a hazy altar of Hepliaklqana.
  4784 | D:3      | Noticed a spectral ugly thing
  4848 | D:3      | Became a worshipper of Hepliaklqana the Forgotten
  5012 | D:3      | Noticed an ogre
  5026 | D:3      | Killed an ogre
  5027 | D:3      | Reached skill level 4 in Fighting
  5623 | D:4      | Reached XP level 6. HP: 41/47 MP: 2/10
  5627 | D:4      | Reached skill level 5 in Fighting
  5807 | D:4      | Reached skill level 1 in Polearms
  5990 | D:4      | Reached skill level 2 in Polearms
  6000 | D:4      | Reached skill level 3 in Polearms
  6000 | D:4      | Gained mutation: You curl defensively after being hit.
                  | [Palentonga growth]
  6000 | D:4      | Reached XP level 7. HP: 36/54 MP: 1/11
  6871 | D:4      | Reached skill level 4 in Polearms
  7163 | D:4      | Reached * piety under Hepliaklqana
  7469 | D:5      | Entered Level 5 of the Dungeon
  7525 | D:4      | Reached skill level 5 in Polearms
  7928 | D:5      | Reached skill level 6 in Polearms
  7928 | D:5      | Reached XP level 8. HP: 56/60 MP: 9/12
  8069 | D:5      | Noticed Edmund
  8100 | D:5      | Killed Edmund
  8101 | D:5      | Reached skill level 7 in Polearms
  9061 | D:6      | Reached skill level 8 in Polearms
  9231 | D:6      | Noticed Prince Ribbit
 10466 | D:5      | Killed Prince Ribbit
 10467 | D:5      | Reached skill level 9 in Polearms
 10467 | D:5      | Reached XP level 9. HP: 21/65 MP: 13/13
 11488 | D:6      | Identified the +5 short sword of Fate {freeze, Dex+4}
 11633 | D:7      | Reached skill level 10 in Polearms
 11666 | D:7      | Found a flagged portal.
 11691 | Bailey   | Entered a bailey
 12132 | Bailey   | Reached ** piety under Hepliaklqana
 12133 | Bailey   | Remembered your ancestor HEP STRONK as a battlemage
 12144 | Bailey   | Noticed an orc knight
 12145 | Bailey   | Identified the +9 quick blade of Nemelex Xobeh's Anger
                  | {drain, rF+}
 12162 | Bailey   | Reached skill level 1 in Short Blades
 12190 | Bailey   | Killed an orc knight
 12191 | Bailey   | Reached skill level 4 in Short Blades
 12281 | Bailey   | Found a burning altar of Makhleb.
 12604 | D:1      | Bought a potion of ambrosia for 88 gold pieces
 12604 | D:1      | Bought a scroll of teleportation for 33 gold pieces
 12604 | D:1      | Bought a potion of curing for 33 gold pieces
 12650 | D:3      | Bought a potion of berserk rage for 50 gold pieces
 12650 | D:3      | Bought a potion of heal wounds for 50 gold pieces
 12650 | D:3      | Bought a potion of invisibility for 80 gold pieces
 12650 | D:3      | Bought a potion of magic for 80 gold pieces
 12650 | D:3      | Bought a potion of curing for 30 gold pieces
 12650 | D:3      | Bought a potion of resistance for 100 gold pieces
 12650 | D:3      | Bought a potion of mutation for 80 gold pieces
 12732 | D:3      | Found a radiant altar of Vehumet.
 12804 | D:7      | Found a staircase to the Ecumenical Temple.
 13039 | D:7      | Reached skill level 5 in Short Blades
 13325 | D:7      | Found a stormy altar of Qazlal.
 13420 | D:7      | Reached skill level 6 in Short Blades
 13420 | D:7      | Reached XP level 10. HP: 47/71 MP: 14/14
 13731 | D:8      | Reached skill level 7 in Short Blades
 13801 | D:8      | Found a sand-covered staircase.
 13805 | Ossuary  | Entered an ossuary
 14091 | Ossuary  | Noticed Menkaure
 14094 | Ossuary  | Killed Menkaure
 14337 | D:8      | Found an opulent altar of Gozag.
 14403 | D:8      | Noticed a deep elf pyromancer
 14410 | D:8      | Killed a deep elf pyromancer
 14411 | D:8      | Reached skill level 8 in Short Blades
 14411 | D:8      | Reached skill level 1 in Armour
 14563 | D:8      | Reached skill level 2 in Dodging
 14715 | D:8      | Found a blossoming altar of Fedhas.
 14715 | D:8      | Found a shadowy altar of Dithmenos.
 14911 | D:8      | Reached *** piety under Hepliaklqana
 15135 | D:9      | Found a glowing silver altar of Zin.
 15135 | D:9      | Found a white marble altar of Elyvilon.
 15136 | D:9      | Found a glowing golden altar of the Shining One.
 15252 | D:9      | Noticed Erolcha
 15262 | D:9      | Killed Erolcha
 15263 | D:9      | Reached skill level 2 in Armour
 15263 | D:9      | Reached skill level 2 in Invocations
 15284 | D:9      | Noticed a two-headed ogre
 15298 | D:9      | Killed a two-headed ogre
 15299 | D:9      | Reached skill level 3 in Armour
 15299 | D:9      | Reached skill level 3 in Dodging
 15301 | D:9      | Reached skill level 6 in Fighting
 15301 | D:9      | Reached skill level 3 in Invocations
 15503 | D:9      | Noticed a two-headed ogre
 15513 | D:9      | Killed a two-headed ogre
 15514 | D:9      | Reached skill level 4 in Armour
 15929 | D:10     | Entered Level 10 of the Dungeon
 16006 | D:10     | Learned a level 1 spell: Apportation
 16018 | D:10     | Found Heerurr's Armour Boutique.
 16022 | D:10     | Found a staircase to the Orcish Mines.
 16024 | D:10     | Reached XP level 11. HP: 78/78 MP: 15/15
 16550 | D:10     | Noticed an oklob plant
 16726 | D:10     | Reached skill level 4 in Invocations
 16787 | D:10     | Reached **** piety under Hepliaklqana
 16943 | D:10     | Noticed a two-headed ogre
 16947 | D:10     | Killed a two-headed ogre
 16948 | D:10     | Reached skill level 5 in Armour
 16948 | D:10     | Reached skill level 4 in Dodging
 17028 | D:10     | Found a staircase to the Lair.
 17121 | D:10     | Learned a level 6 spell: Statue Form
 17240 | D:10     | Killed an oklob plant
 17411 | D:11     | Reached skill level 1 in Transmutations
 17458 | D:11     | Reached skill level 7 in Fighting
 17458 | D:11     | Reached skill level 1 in Earth Magic
 17526 | D:11     | Reached skill level 2 in Translocations
 17568 | D:11     | Reached skill level 5 in Invocations
 17745 | D:11     | Noticed a two-headed ogre
 17759 | D:11     | Killed a two-headed ogre
 17977 | D:11     | Noticed a two-headed ogre
 17990 | D:11     | Killed a two-headed ogre
 17991 | D:11     | Reached skill level 3 in Translocations
 17991 | D:11     | Reached skill level 2 in Transmutations
 17991 | D:11     | Reached skill level 2 in Earth Magic
 18055 | D:11     | Noticed a cyan ugly thing
 18066 | D:11     | Killed a cyan ugly thing
 18106 | D:10     | Bought a +0 buckler for 63 gold pieces
 18154 | Lair:1   | Entered Level 1 of the Lair of Beasts
 18154 | Lair:1   | Noticed a seven-headed hydra
 18164 | Lair:1   | Killed a seven-headed hydra
 18248 | Lair:1   | Noticed Maggie
 18255 | Lair:1   | Killed Maggie
 18256 | Lair:1   | Reached skill level 4 in Translocations
 18263 | Lair:1   | You fall into a shaft and drop 1 floor!
 18304 | Lair:2   | Noticed a bog body
 18319 | Lair:2   | Killed a bog body
 18361 | Lair:2   | Noticed a bog body
 18379 | Lair:2   | Killed a bog body
 18380 | Lair:2   | Reached skill level 3 in Transmutations
 18439 | Lair:2   | Reached ***** piety under Hepliaklqana
 18580 | Lair:2   | Reached XP level 12. HP: 88/88 MP: 16/16
 18643 | Lair:2   | Reached skill level 5 in Dodging
 18658 | Lair:2   | Reached skill level 6 in Invocations
 18838 | Lair:2   | Reached skill level 3 in Earth Magic
 18848 | Lair:2   | Reached skill level 5 in Translocations
 19282 | Lair:2   | Identified the amulet of the Tempest {RegenMP rElec rPois
                  | rF+}
 19427 | Lair:1   | Reached skill level 8 in Fighting
 19437 | Lair:1   | Reached skill level 4 in Transmutations
 19479 | Lair:1   | Noticed Harold
 19494 | Lair:1   | Killed Harold
 19495 | Lair:1   | Reached skill level 4 in Earth Magic
 19864 | Lair:1   | Noticed Fannar
 19883 | Lair:1   | Killed Fannar
 20218 | Lair:3   | Reached skill level 6 in Dodging
 20223 | Lair:3   | Reached skill level 5 in Transmutations
 20243 | Lair:3   | Noticed Nergalle
 20281 | Lair:3   | Reached skill level 5 in Earth Magic
 20294 | Lair:3   | Killed Nergalle
 20295 | Lair:3   | Reached skill level 9 in Fighting
 20317 | Lair:3   | Reached skill level 6 in Transmutations
 20480 | Lair:3   | Reached XP level 13. HP: 77/97 MP: 17/17
 21044 | Lair:3   | Found a hole to the Spider Nest.
 21395 | Lair:4   | Reached skill level 1 in Shields
 21414 | Lair:4   | Reached skill level 1 in Evocations
 22112 | Lair:5   | Reached ****** piety under Hepliaklqana
 22130 | Lair:5   | Reached skill level 2 in Shields
 22193 | Lair:5   | Reached skill level 2 in Evocations
 22228 | Lair:5   | Noticed Nessos
 22232 | Lair:5   | Killed Nessos
 22233 | Lair:5   | Reached skill level 10 in Fighting
 22233 | Lair:5   | Reached skill level 7 in Invocations
 22234 | Lair:5   | Identified the +7 chain mail of Chimes {Contam rC+++ Int+9
                  | Stlth-}
 22386 | Lair:5   | Noticed Kirke
 22412 | Lair:5   | Killed Kirke
 22413 | Lair:5   | Reached skill level 3 in Shields
 22413 | Lair:5   | Reached skill level 3 in Evocations
 23202 | Lair:6   | Entered Level 6 of the Lair of Beasts
 23368 | Lair:6   | Reached skill level 8 in Invocations
 23368 | Lair:6   | Reached skill level 4 in Evocations
 23389 | Lair:6   | Reached skill level 4 in Shields
 23580 | Lair:6   | Reached skill level 5 in Evocations
 23600 | Lair:6   | Found a viscous altar of Jiyva.
 23601 | Lair:6   | Found a staircase to the Slime Pits.
 23642 | Lair:6   | Reached skill level 5 in Shields
 24195 | Lair:6   | Reached XP level 14. HP: 104/106 MP: 20/20
 24416 | Lair:6   | Noticed Snorg
 24430 | Lair:6   | Killed Snorg
 24431 | Lair:6   | Reached skill level 6 in Evocations
 24543 | Lair:6   | Reached skill level 6 in Shields
 25362 | Lair:6   | Found a large runed translucent door.
 25412 | Lair:6   | Reached skill level 7 in Shields
 25467 | Lair:6   | Found a large runed translucent door.
 26524 | D:12     | Reached skill level 8 in Shields
 27538 | D:13     | Reached skill level 9 in Shields
 27800 | D:13     | Noticed Rupert
 27821 | D:13     | Killed Rupert
 27822 | D:13     | Reached skill level 6 in Armour
 27829 | D:13     | Found a gate to the Vaults.
 27874 | D:13     | Reached skill level 7 in Armour
 27874 | D:13     | Reached skill level 7 in Evocations
 28153 | D:13     | Found Qat Jisi's Antique Armour Shoppe.
 28164 | D:13     | Bought a runed helmet for 187 gold pieces
 28164 | D:13     | Bought a crude chain mail for 237 gold pieces
 28164 | D:13     | Identified the +0 chain mail "Ehiacver" {Harm Slay+2} (You
                  | bought it in a shop on level 13 of the Dungeon)
 28625 | D:13     | Reached skill level 8 in Armour
 28799 | Orc:1    | Entered Level 1 of the Orcish Mines
 29029 | Orc:1    | Found Gedys's Antique Armour Shoppe.
 29202 | Orc:1    | Reached XP level 15. HP: 65/111 MP: 21/21
 29465 | Orc:2    | Entered Level 2 of the Orcish Mines
 29465 | Orc:2    | Found a staircase to the Elven Halls.
 29487 | Orc:2    | Noticed an orc warlord
 29512 | Orc:1    | Reached skill level 8 in Evocations
 29826 | Orc:2    | Reached skill level 9 in Armour
 30137 | Orc:1    | Killed an orc warlord
 30319 | Orc:2    | Noticed an orc warlord
 30569 | Orc:1    | Killed an orc warlord
 30814 | Orc:2    | Reached skill level 10 in Armour
 31022 | Orc:2    | Reached skill level 9 in Evocations
 31662 | Orc:2    | Found Ufiompekh's General Store.
 31663 | Orc:2    | Found Ofeg's Book Shoppe.
 31665 | Orc:2    | Found Yllabeed's Antique Armour Shoppe.
 31665 | Orc:2    | Found Hayqis's Antique Weapon Emporium.
 32040 | Orc:2    | Bought a scroll of fog for 32 gold pieces
 32049 | Orc:2    | Bought a glowing kite shield for 225 gold pieces
 32453 | D:14     | Noticed Joseph
 32466 | D:14     | Killed Joseph
 32577 | D:14     | Reached skill level 10 in Evocations
 32900 | D:14     | Identified the +4 rapier of Reqehex {drain, rPois Str+8
                  | Dex-3 Stlth+}
 33149 | D:15     | Entered Level 15 of the Dungeon
 33409 | D:15     | Found a staircase to the Depths.
 33467 | D:15     | Found a gateway to a bazaar.
 33547 | D:15     | Reached skill level 11 in Armour
 34543 | D:15     | Reached skill level 11 in Fighting
 35163 | Lair:2   | Found a staircase to the Swamp.
 35241 | Swamp:1  | Entered Level 1 of the Swamp
 35591 | Swamp:1  | Reached XP level 16. HP: 80/122 MP: 22/22
 35805 | Swamp:1  | Identified the +7 war axe "Ciutomad" {elec, rElec Str+2
                  | Int+3 Dex-3}
 36330 | Swamp:2  | Reached skill level 12 in Fighting
 36476 | Swamp:2  | Reached skill level 12 in Armour
 36480 | Swamp:2  | Identified the +7 arbalest of Meager True Grit {flame,
                  | Dex+3}
 37197 | Swamp:3  | Reached skill level 13 in Fighting
 37989 | Swamp:4  | Entered Level 4 of the Swamp
 38073 | Swamp:4  | Found a runed translucent door.
 38073 | Swamp:4  | Noticed fram's ghost (adept FoFi)
 38107 | Swamp:4  | Noticed Aizul
 38132 | Swamp:4  | Killed Aizul
 38133 | Swamp:4  | Reached skill level 14 in Fighting
 38751 | Swamp:4  | Noticed a thorn hunter
 38767 | Swamp:4  | Killed a thorn hunter
 38903 | Swamp:4  | Reached skill level 7 in Dodging
 39110 | Swamp:4  | Noticed a thorn hunter
 39148 | Swamp:4  | Killed a thorn hunter
 39153 | Swamp:4  | Reached XP level 17. HP: 67/135 MP: 23/23
 39526 | Swamp:4  | Got a decaying rune of Zot
 39558 | Swamp:4  | Reached skill level 15 in Fighting
 39738 | Swamp:4  | Reached skill level 8 in Dodging
 39847 | Swamp:4  | Killed fram's ghost
 39850 | Swamp:4  | Identified the +4 plate armour of Pandemonium {Str+4 Int+6
                  | Slay+3}
 39851 | Swamp:4  | Identified the Compendium of Heat and Unholy Magic
 39867 | Swamp:4  | Learned a level 5 spell: Irradiate
 40048 | Spider:1 | Entered Level 1 of the Spider Nest
 40060 | Spider:1 | Reached skill level 1 in Conjurations
 40318 | Spider:1 | Noticed Nikola
 40320 | Spider:1 | Reached skill level 2 in Conjurations
 40326 | Spider:1 | Reached skill level 7 in Transmutations
 40379 | Spider:1 | Killed Nikola
 40380 | Spider:1 | Reached skill level 3 in Conjurations
 40977 | Spider:1 | Reached skill level 4 in Conjurations
 40977 | Spider:1 | Reached skill level 8 in Transmutations
 41804 | Spider:1 | Reached skill level 5 in Conjurations
 42196 | Spider:2 | Reached skill level 9 in Transmutations
 42404 | Spider:2 | Noticed Arachne
 42421 | Spider:2 | Killed Arachne
 42422 | Spider:2 | Reached skill level 6 in Conjurations
 42486 | Spider:2 | Reached XP level 18. HP: 80/144 MP: 24/24
 43194 | Spider:3 | Found a frozen archway.
 43225 | IceCv    | Entered an ice cave
 43547 | IceCv    | Reached skill level 10 in Transmutations
 43714 | IceCv    | Identified the +3 short sword "Zadireuc" {vorpal, rC+ rN+
                  | Will-}
 43835 | IceCv    | Reached skill level 7 in Conjurations
 44094 | IceCv    | Noticed an Ice Fiend
 44119 | IceCv    | Killed an Ice Fiend
 44396 | IceCv    | Identified the +4 ring mail of the Forsaken Runes {Harm Fly
                  | Str+3}
 44880 | Spider:3 | Noticed Donald
 44896 | Spider:3 | Killed Donald
 45315 | Spider:3 | Reached skill level 8 in Conjurations
 45458 | Spider:3 | Reached skill level 11 in Transmutations
 46252 | Spider:4 | Entered Level 4 of the Spider Nest
 46553 | Spider:4 | Reached skill level 4 in Spellcasting
 47181 | Spider:4 | Reached skill level 12 in Transmutations
 47206 | Spider:4 | Reached skill level 5 in Spellcasting
 47288 | Spider:4 | Reached skill level 6 in Spellcasting
 47423 | Spider:4 | Reached skill level 7 in Spellcasting
 47666 | Spider:4 | Identified the +1 ring mail of New Discoveries {rElec SInv}
 47706 | Spider:4 | Got a gossamer rune of Zot
 48026 | Elf:1    | Entered Level 1 of the Elven Halls
 48207 | Elf:1    | Reached XP level 19. HP: 69/152 MP: 19/30
 48325 | Elf:1    | Identified the amulet of Eteas {RegenMP Dex+3}
 48760 | Elf:1    | Reached skill level 8 in Spellcasting
 49679 | Elf:1    | Found a bloodstained altar of Trog.
 49685 | Elf:1    | Reached skill level 9 in Conjurations
 49686 | Elf:1    | Reached skill level 16 in Fighting
 49865 | Elf:1    | Identified the Tome of Supportive Blows and Bruises
 50707 | Elf:2    | Found a runed translucent door.
 50735 | Elf:2    | Found a runed translucent door.
 50937 | Elf:3    | Entered Level 3 of the Elven Halls
 51009 | Elf:3    | Identified the amulet of Uciomuwk {Acrobat Harm rC- rCorr
                  | Int+4}
 51586 | Elf:3    | Identified the +4 trident of Leonyziur {drain, *Slow rN+
                  | rCorr}
 51586 | Elf:3    | Identified the ring of the Trilobite {*Slow rPois Will+
                  | Str+6 Dex+9}
 51621 | Elf:3    | Identified a scroll of acquirement
 51622 | Elf:3    | Acquired 795 gold pieces
 52620 | Elf:3    | Reached skill level 10 in Conjurations
 52637 | Elf:3    | Reached skill level 17 in Fighting
 52662 | Elf:3    | Gained mutation: Your magical capacity is low. (-10% MP)
                  | [mutagenic glow]
 53033 | Elf:3    | Reached skill level 18 in Fighting
 53297 | Elf:3    | Identified the +7 spear "Fyum" {protect, Int+2}
 53297 | Elf:3    | Identified the ring "Raumpero" {*Corrode rF++ rN+}
 53320 | Elf:3    | Reached XP level 20. HP: 126/166 MP: 28/28
 53553 | Elf:3    | Identified the -3 helmet of Boredom {Rampage rPois rC-
                  | Int+7}
 53557 | Elf:3    | Identified the +9 hand crossbow of Urgency {speed, Int+8
                  | Stlth-}
 53569 | Elf:3    | Identified the Guide on Snow
 53661 | Elf:3    | Acquired the ring of Lies {rF+ Will+ rCorr Str+2}
 53787 | Elf:3    | Noticed Asterion
 53801 | Elf:3    | Killed Asterion
 53986 | Vaults:1 | Entered Level 1 of the Vaults
 54208 | Vaults:1 | Reached skill level 19 in Fighting
 55048 | Vaults:1 | Noticed a bone dragon
 55127 | Vaults:1 | Killed a bone dragon
 55209 | Vaults:1 | Gained mutation: You sometimes lose the ability to read
                  | scrolls when taking damage. [mutagenic glow]
 55473 | Vaults:1 | Lost mutation: You sometimes lose the ability to read
                  | scrolls when taking damage. [potion of mutation]
 55473 | Vaults:1 | Lost mutation: Your magical capacity is low. (-10% MP)
                  | [potion of mutation]
 55473 | Vaults:1 | Gained mutation: You have sharp toenails. [potion of
                  | mutation]
 55473 | Vaults:1 | Gained mutation: You evolve. [potion of mutation]
 55485 | Vaults:1 | Identified the Guide on Evil Rituals
 55509 | Vaults:1 | Gained mutation: You expend magic power (3 MP) to
                  | strengthen your wands. [evolution]
 55897 | Vaults:1 | Reached skill level 20 in Fighting
 56524 | Vaults:2 | Noticed Bai Suzhen
 56527 | Vaults:2 | Noticed Mara
 56529 | Vaults:2 | Killed Mara
 56530 | Vaults:2 | Reached skill level 9 in Dodging
 56548 | Vaults:2 | Killed Bai Suzhen
 56878 | Vaults:2 | Found a staircase to the Crypt.
 57202 | Vaults:2 | Reached XP level 21. HP: 155/172 MP: 29/33
 57269 | Vaults:2 | Noticed Saint Roka
 57293 | Vaults:2 | Noticed Mennas
 57294 | Vaults:2 | Killed Saint Roka
 57295 | Vaults:2 | Reached skill level 13 in Armour
 57299 | Vaults:2 | Gained mutation: Your body sometimes deteriorates upon
                  | taking damage. [mutagenic glow]
 57583 | Vaults:2 | Killed Mennas
 57891 | Vaults:2 | Reached skill level 10 in Dodging
 58855 | Vaults:3 | Reached skill level 11 in Polearms
 58939 | Vaults:3 | Identified the +9 rapier "Coaphol" {flame, *Slow rElec rN+
                  | rCorr}
 60009 | Vaults:3 | Found Horgheuju's Magic Scroll Shoppe.
 60021 | Vaults:3 | Bought a scroll of acquirement for 832 gold pieces
 60021 | Vaults:3 | Bought a scroll of teleportation for 48 gold pieces
 60021 | Vaults:3 | Bought a scroll of teleportation for 48 gold pieces
 60021 | Vaults:3 | Bought a scroll of magic mapping for 56 gold pieces
 60021 | Vaults:3 | Bought a scroll of immolation for 56 gold pieces
 60021 | Vaults:3 | Acquired a staff of earth
 60029 | Vaults:3 | Learned a level 5 spell: Borgnjor's Vile Clutch
 61173 | Vaults:4 | Reached skill level 12 in Polearms
 61187 | Vaults:4 | Noticed Sojobo
 61195 | Vaults:4 | Killed Sojobo
 61565 | Vaults:4 | Gained mutation: Your system is resistant to poisons.
                  | (rPois) [evolution]
 61642 | Vaults:4 | Reached skill level 11 in Dodging
 62208 | Vaults:4 | Reached XP level 22. HP: 181/184 MP: 34/34
 63088 | Depths:1 | Entered Level 1 of the Depths
 63088 | Depths:1 | Found a one-way gate to the infinite horrors of the Abyss.
 63094 | Depths:1 | Reached skill level 6 in Earth Magic
 63121 | Depths:1 | Noticed the Enchantress
 63140 | Depths:1 | Reached skill level 13 in Polearms
 63141 | Depths:1 | Killed the Enchantress
 64103 | Depths:1 | Found a gateway to Hell.
 64308 | Depths:1 | Found a shadowy altar of Dithmenos.
 64586 | Depths:1 | Reached skill level 7 in Earth Magic
 65393 | Depths:1 | Reached skill level 14 in Polearms
 65404 | Depths:1 | Identified the +1 plate armour of the Solstice {Slay+2}
 65483 | Depths:1 | Found Hodotzom's Assorted Antiques.
 65492 | Depths:1 | Bought a potion of curing for 87 gold pieces
 65492 | Depths:1 | Bought a potion of curing for 87 gold pieces
 65492 | Depths:1 | Bought a potion of heal wounds for 145 gold pieces
 65811 | Depths:2 | Reached skill level 12 in Dodging
 65836 | Depths:2 | Reached skill level 8 in Earth Magic
 66034 | Depths:2 | Found a runed translucent door.
 66034 | Depths:2 | Noticed a caustic shrike
 66042 | Depths:2 | Killed a caustic shrike
 66043 | Depths:2 | Reached skill level 9 in Earth Magic
 66064 | Depths:2 | Found a runed translucent door.
 66069 | Depths:2 | Noticed a juggernaut
 66184 | Depths:2 | Noticed a golden dragon
 66247 | Depths:2 | HP: 3/184 [juggernaut (45)]
 66248 | Depths:2 | Reached skill level 10 in Earth Magic
 66256 | Depths:2 | Killed a juggernaut
 66257 | Depths:2 | Reached skill level 9 in Spellcasting
 66257 | Depths:2 | Killed a golden dragon
 66258 | Depths:2 | Reached XP level 23. HP: 71/190 MP: 34/36
 66577 | Depths:2 | Identified the +0 pair of gloves of the Spider Nest {Will-
                  | MP+9 Str-3 Slay+6}
 66821 | Depths:2 | Reached skill level 10 in Spellcasting
 67517 | Depths:3 | Reached skill level 11 in Spellcasting
 67517 | Depths:3 | Identified the amulet of Niotud {Acrobat Regen+ Slay+2}
 67560 | Depths:3 | Noticed a caustic shrike
 67566 | Depths:3 | Killed a caustic shrike
 67747 | Depths:3 | Reached skill level 12 in Spellcasting
 67839 | Depths:3 | Reached skill level 1 in Necromancy
 67853 | Depths:3 | Identified the Almanac of Sinister Rituals
 67898 | Depths:3 | Paralysed by a great orb of eyes for 7 turns
 68028 | Depths:3 | Noticed Xtahua
 68037 | Depths:3 | Killed Xtahua
 68038 | Depths:3 | Reached skill level 2 in Necromancy
 68082 | Depths:3 | Found a sparkling altar of Nemelex Xobeh.
 68322 | Depths:3 | Gained mutation: You are partially covered in large bone
                  | plates. (SH +4) [evolution]
 68375 | Depths:3 | Found a one-way gate leading to the halls of Pandemonium.
 68423 | Depths:3 | Reached skill level 3 in Necromancy
 68831 | Depths:4 | Reached skill level 9 in Invocations
 68846 | Depths:4 | Found a gateway to a ziggurat.
 69226 | Depths:4 | Reached skill level 4 in Necromancy
 69965 | Depths:4 | Reached skill level 11 in Evocations
 70014 | Depths:4 | Reached skill level 5 in Necromancy
 70247 | Depths:4 | Reached skill level 10 in Invocations
 70252 | Depths:4 | Reached skill level 13 in Transmutations
 70331 | Depths:4 | Reached XP level 24. HP: 137/197 MP: 39/39
 70999 | Depths:5 | Entered Level 5 of the Depths
 71020 | Depths:5 | Reached skill level 6 in Necromancy
 71180 | Depths:5 | Identified the +7 lajatang of Pandemonium {freeze, rC+}
 71242 | Depths:5 | Found a hazy altar of Hepliaklqana.
 71345 | Depths:5 | Found a faded altar of an unknown god.
 72064 | Depths:5 | Reached skill level 11 in Invocations
 72074 | Depths:5 | Reached skill level 7 in Necromancy
 72208 | Depths:5 | Reached skill level 12 in Evocations
 72783 | Depths:5 | Reached skill level 14 in Transmutations
 72800 | Depths:5 | Reached skill level 8 in Necromancy
 72939 | Depths:5 | Learned a level 6 spell: Statue Form
 72943 | Depths:5 | Learned a level 3 spell: Lesser Beckoning
 72950 | Depths:5 | Learned a level 6 spell: Iron Shot
 73009 | Depths:5 | Found a gate to the Realm of Zot.
 73152 | Depths:5 | Reached skill level 12 in Invocations
 73685 | Slime:1  | Entered Level 1 of the Pits of Slime
 73809 | Slime:1  | Lost mutation: You evolve. [end of evolution]
 74048 | Slime:4  | Reached skill level 9 in Necromancy
 74171 | Slime:5  | Entered Level 5 of the Pits of Slime
 74716 | Slime:5  | Found a viscous altar of Jiyva.
 74719 | Slime:5  | Noticed the Royal Jelly
 74734 | Slime:5  | Reached XP level 25. HP: 181/203 MP: 29/39
 74753 | Slime:5  | Killed the Royal Jelly
 74754 | Slime:5  | Reached skill level 13 in Evocations
 75195 | Slime:5  | Reached skill level 10 in Necromancy
 75195 | Slime:5  | Reached skill level 15 in Transmutations
 75211 | Slime:5  | Identified the ring "Wepid" {rF+ rCorr Int+4 Dex-5}
 75237 | Slime:5  | Identified Plog's Reference Book on the Captivating
                  | Entourage
 75245 | Slime:5  | Got a slimy rune of Zot
 75284 | Slime:5  | Identified the ring of Absolutism {rF- rC+ Int+8 Dex+2
                  | Stlth-}
 75360 | Slime:5  | Acquired a book of the Tempests
 75441 | Slime:3  | Gained mutation: Your movements are slightly less
                  | encumbered by armour. (ER -2) [a shining eye]
 75445 | Slime:3  | Gained mutation: You tend to lose your temper in combat. [a
                  | shining eye]
 75811 | Crypt:1  | Entered Level 1 of the Crypt
 75812 | Crypt:1  | Lost mutation: Your system is resistant to poisons. (rPois)
                  | [potion of mutation]
 75812 | Crypt:1  | Lost mutation: You tend to lose your temper in combat.
                  | [potion of mutation]
 75812 | Crypt:1  | Lost mutation: You have sharp toenails. [potion of
                  | mutation]
 75812 | Crypt:1  | Lost mutation: You expend magic power (3 MP) to strengthen
                  | your wands. [potion of mutation]
 75812 | Crypt:1  | Gained mutation: You are partially covered in iridescent
                  | scales. (AC +2) [potion of mutation]
 76194 | Crypt:1  | Found a basalt altar of Yredelemnul.
 77301 | Crypt:1  | Reached skill level 14 in Evocations
 78516 | Crypt:3  | Entered Level 3 of the Crypt
 78632 | Crypt:3  | Found a basalt altar of Yredelemnul.
 79040 | Crypt:3  | Reached skill level 21 in Fighting
 79220 | Crypt:3  | Identified the Tome of Dark Rites
 79309 | Crypt:3  | Noticed Khufu
 79316 | Crypt:3  | Killed Khufu
 79317 | Crypt:3  | Reached skill level 11 in Earth Magic
 79317 | Crypt:3  | Reached skill level 15 in Evocations
 79547 | Crypt:3  | Found a staircase to the Tomb.
 79622 | Crypt:3  | Reached XP level 26. HP: 198/215 MP: 37/39
 79792 | Crypt:3  | Identified the +5 chain mail "Axeugaohau" {Contam Harm
                  | rElec rC++}
 79812 | Crypt:3  | Identified the +1 spear "Jatra" {vorpal, Str+7}
 79813 | Crypt:3  | Identified Asteoll's Tome of Combat Magic
 80168 | Crypt:3  | Identified the +3 scale mail "Wiaroapp" {Drain Str+4 Dex+2
                  | SInv}
 80180 | Crypt:3  | Gained mutation: You sometimes lose the ability to read
                  | scrolls when taking damage. [mutagenic glow]
 80234 | Crypt:3  | Lost mutation: You sometimes lose the ability to read
                  | scrolls when taking damage. [potion of mutation]
 80234 | Crypt:3  | Lost mutation: Your body sometimes deteriorates upon taking
                  | damage. [potion of mutation]
 80234 | Crypt:3  | Lost mutation: You are partially covered in iridescent
                  | scales. (AC +2) [potion of mutation]
 80234 | Crypt:3  | Gained mutation: You can roll at foes to attack. [potion of
                  | mutation]
 80234 | Crypt:3  | Gained mutation: You possess an exceptional clarity of
                  | mind. [potion of mutation]
 80234 | Crypt:3  | Gained mutation: Your magical capacity is low. (-10% MP)
                  | [potion of mutation]
 80234 | Crypt:3  | Gained mutation: Your flesh is heat resistant. (rF+)
                  | [potion of mutation]
 80567 | Vaults:5 | Entered Level 5 of the Vaults
 80572 | Vaults:5 | Noticed a dread lich
 80822 | Vaults:5 | Reached skill level 12 in Earth Magic
 81168 | Vaults:5 | Reached skill level 22 in Fighting
 81174 | Vaults:5 | Reached skill level 13 in Earth Magic
 81235 | Vaults:5 | Paralysed by a dread lich for 6 turns
 81239 | Vaults:5 | Killed a dread lich
 81783 | Vaults:5 | Reached skill level 14 in Earth Magic
 81936 | Vaults:5 | Got a silver rune of Zot
 81993 | Vaults:5 | Noticed an ancient lich
 81997 | Vaults:5 | Killed an ancient lich
 81998 | Vaults:5 | Reached skill level 23 in Fighting
 82053 | Vaults:5 | Identified Heilimy's Incunabulum of Combat Magic
 82200 | Vaults:5 | Identified Asa Upot's Compendium of Scorching Necromancy
 82532 | Vaults:5 | Identified the +1 mace "Fauck" {freeze, rF+ Str+9 Dex-5}
 82577 | Vaults:5 | Reached XP level 27. HP: 227/227 MP: 31/35
 82580 | Vaults:5 | Learned a level 2 spell: Passwall
 82583 | Vaults:5 | Learned a level 2 spell: Sublimation of Blood
 82589 | Vaults:5 | Learned a level 5 spell: Lee's Rapid Deconstruction
 82594 | Vaults:5 | Learned a level 4 spell: Passage of Golubria
 82941 | Depths:5 | Upgraded the game from 0.27-a0-1083-gcf8293e1eb to
                  | 0.27-a0-1087-gf39c287674
 82949 | Depths:5 | Learned a level 5 spell: Manifold Assault
 82983 | Zig:1    | Entered Level 1 of a ziggurat
 82993 | Zig:2    | Entered Level 2 of a ziggurat
 83010 | Zig:3    | Entered Level 3 of a ziggurat
 83022 | Zig:4    | Entered Level 4 of a ziggurat
 83038 | Zig:4    | Identified the +7 swamp dragon scales "Uschukal" {rPois
                  | Will+ Dex+3 Stlth+}
 83042 | Zig:5    | Entered Level 5 of a ziggurat
 83046 | Zig:5    | Noticed a juggernaut
 83052 | Zig:5    | Killed a juggernaut
 83053 | Zig:5    | Reached skill level 6 in Translocations
 83058 | Zig:5    | Identified the ring "Yfunn" {*Corrode +Blink Fly rF+ Dex+3}
 83064 | Zig:5    | Identified the +9 short sword of Satyriasis {antimagic,
                  | Str+6}
 83097 | Zig:6    | Entered Level 6 of a ziggurat
 83132 | Zig:7    | Entered Level 7 of a ziggurat
 83140 | Zig:7    | Gained mutation: You occasionally shout uncontrollably at
                  | your foes. [a shining eye]
 83145 | Zig:7    | Reached skill level 7 in Translocations
 83194 | Zig:7    | Identified the +5 mace "Keolets" {flame, rF+ Stlth+}
 83197 | Zig:8    | Entered Level 8 of a ziggurat
 83218 | Zig:8    | Reached skill level 8 in Translocations
 83237 | Zig:8    | Identified The Second Course in Magic
 83280 | Zig:9    | Entered Level 9 of a ziggurat
 83330 | Zig:9    | Reached skill level 9 in Translocations
 83366 | Zig:10   | Entered Level 10 of a ziggurat
 83379 | Zig:10   | Reached skill level 10 in Translocations
 83399 | Zig:10   | Identified the ring "Elaric" {rElec rN+ Will+}
 83407 | Zig:11   | Entered Level 11 of a ziggurat
 83421 | Zig:11   | Noticed a juggernaut
 83421 | Zig:11   | Noticed a juggernaut
 83425 | Zig:11   | Noticed a juggernaut
 83427 | Zig:11   | Killed a juggernaut
 83429 | Zig:11   | Killed a juggernaut
 83430 | Zig:11   | Reached skill level 11 in Translocations
 83440 | Zig:11   | Killed a juggernaut
 83532 | Zig:11   | Found the +8 lance "Wyrmbane" {slay drac, rPois rF+ rC+
                  | AC+3}
 83536 | Zig:11   | Identified the +3 leather armour "Coufuis" {Drain +Blink
                  | Fly MP+9}
 83537 | Zig:11   | Identified the +10 hand axe of Arbitration {freeze, rPois
                  | Stlth+}
 83538 | Zig:11   | Identified the +0 kite shield "Ceoly" {rF+ rN++ Dex-2
                  | Stlth+}
 83543 | Zig:11   | Identified the +11 broad axe "Gapaixadet" {holy, rElec
                  | Str-2 Dex+3}
 83550 | Zig:11   | Identified the +0 quarterstaff of the Desert {freeze, Dex+6
                  | SInv}
 83563 | Zig:12   | Entered Level 12 of a ziggurat
 83576 | Zig:12   | Noticed a juggernaut
 83583 | Zig:12   | Killed a juggernaut
 83584 | Zig:12   | Reached skill level 12 in Translocations
 83674 | Zig:12   | Identified the ring "Vethruoxe" {rC+ rN+ rCorr Str-5}
 83677 | Zig:12   | Identified the +0 pair of gloves of Kikubaaqudgha's Esteem
                  | {rPois rCorr Dex+2 Stlth+}
 83687 | Zig:13   | Entered Level 13 of a ziggurat
 83702 | Zig:13   | Noticed Nace the pandemonium lord
 83703 | Zig:13   | Noticed Tock the pandemonium lord
 83706 | Zig:13   | Noticed Faoduhef the pandemonium lord
 83709 | Zig:13   | Reached skill level 24 in Fighting
 83728 | Zig:13   | Killed Tock the pandemonium lord
 83729 | Zig:13   | Killed Nace the pandemonium lord
 83741 | Zig:13   | Killed Faoduhef the pandemonium lord
 83815 | Zig:13   | Identified the +4 pearl dragon scales of Inquiry {rN+
                  | Slay+3}
 83838 | Zig:14   | Entered Level 14 of a ziggurat
 83854 | Zig:14   | Noticed a royal mummy
 83855 | Zig:14   | Found the +7 pair of quick blades "Gyre" and "Gimble"
                  | {protect}
 83860 | Zig:14   | Reached skill level 15 in Polearms
 83866 | Zig:14   | Killed a royal mummy
 83987 | Zig:14   | Identified the Disquisition on Bewitchment and Stones
 83999 | Zig:14   | Identified the ring "Yklyn" {rPois Dex+2}
 84003 | Zig:14   | Identified the amulet of Inioroex {Spirit Int+2}
 84013 | Zig:15   | Entered Level 15 of a ziggurat
 84029 | Zig:15   | Noticed Entedem the pandemonium lord
 84029 | Zig:15   | Noticed Salog the pandemonium lord
 84029 | Zig:15   | Noticed Cetwur the pandemonium lord
 84029 | Zig:15   | Noticed Kaonk the pandemonium lord
 84029 | Zig:15   | Noticed Ycahih the pandemonium lord
 84030 | Zig:15   | Found the +5 demon whip "Spellbinder" {antimagic, Will+}
 84030 | Zig:15   | Noticed Sive the pandemonium lord
 84031 | Zig:15   | Noticed Vaulol the pandemonium lord
 84031 | Zig:15   | Noticed Siz Nep the pandemonium lord
 84034 | Zig:15   | Identified the +0 robe of Majestic Liberty {rN+}
 84043 | Depths:4 | Killed Vaulol the pandemonium lord
 84264 | Hell     | Entered the Vestibule of Hell
 84264 | Hell     | Noticed Geryon
 84359 | Hell     | Noticed Murray
 84407 | Hell     | Noticed a dread lich
 84412 | Depths:4 | Killed a dread lich
 84499 | Depths:4 | Killed Murray
 84575 | Hell     | Killed Geryon
 84682 | Hell     | Reached skill level 25 in Fighting
 84796 | Hell     | Found a gateway to the Iron City of Dis.
 84803 | Hell     | Reached skill level 16 in Polearms
 84955 | Hell     | Found a gateway to the decaying netherworld of Tartarus.
 85035 | Hell     | Found a gateway to the freezing wastes of Cocytus.
 85111 | Hell     | Found a gateway to the ashen valley of Gehenna.
 85252 | Pan      | Entered Pandemonium
 85322 | Pan      | Noticed Dizamned the pandemonium lord
 85324 | Pan      | Killed Dizamned the pandemonium lord
 85389 | Pan      | Noticed Powkyrph the pandemonium lord
 85397 | Pan      | Killed Powkyrph the pandemonium lord
 85398 | Pan      | Found an exit through the horrors of the Abyss.
 85583 | Pan      | Entered the realm of Mnoleg.
 85692 | Pan      | Noticed Mnoleg
 85698 | Pan      | Killed Mnoleg
 85699 | Pan      | Reached skill level 17 in Polearms
 85798 | Pan      | Got a glowing rune of Zot
 85806 | Pan      | Gained mutation: Your body sometimes deteriorates upon
                  | taking damage. [a neqoxec]
 86056 | Pan      | Noticed Watat the pandemonium lord
 86068 | Pan      | Killed Watat the pandemonium lord
 86072 | Pan      | Reached skill level 26 in Fighting
 86162 | Pan      | Found a transporter.
 86237 | Pan      | Identified the ring "Yddaaq Asorgh" {Wiz Str+2}
 86238 | Pan      | Found a transporter.
 86325 | Pan      | Reached skill level 18 in Polearms
 86488 | Pan      | Entered the realm of Cerebov.
 86757 | Pan      | Reached skill level 19 in Polearms
 86973 | Pan      | Identified the +3 dagger "Dikunost" {freeze, Drain rElec
                  | rPois rC+++}
 87215 | Pan      | Found the +6 sword of Cerebov {flame}
 87215 | Pan      | Noticed Cerebov
 87305 | Pan      | Reached skill level 15 in Earth Magic
 87529 | Pan      | Killed Cerebov
 87574 | Pan      | Got a fiery rune of Zot
 87596 | Pan      | Identified the +3 hand axe "Uthaopt" {drain, rF+}
 87682 | Pan      | Noticed Imac the pandemonium lord
 87694 | Pan      | Killed Imac the pandemonium lord
 87721 | Pan      | Got a demonic rune of Zot
 87785 | Pan      | Entered the realm of Lom Lobon.
 87825 | Pan      | Reached skill level 16 in Earth Magic
 87947 | Pan      | Noticed Lom Lobon
 87956 | Pan      | Killed Lom Lobon
 87976 | Pan      | Got a magical rune of Zot
 88101 | Pan      | Entered the realm of Gloorx Vloq.
 88118 | Pan      | Reached skill level 20 in Polearms
 88166 | Pan      | Reached skill level 17 in Earth Magic
 88230 | Pan      | Noticed Gloorx Vloq
 88318 | Pan      | Killed Gloorx Vloq
 88455 | Pan      | Got a dark rune of Zot
 88485 | Pan      | Found an exit through the horrors of the Abyss.
 88503 | Pan      | Took an exit into the Abyss.
 88503 | Abyss:1  | Escaped into the Abyss
 88505 | Abyss:1  | Found a corrupted altar of Lugonu.
 88549 | Depths:3 | Escaped the Abyss
 88610 | Depths:4 | Voluntarily entered the Abyss.
 89361 | Abyss:2  | Reached skill level 18 in Earth Magic
 89445 | Abyss:3  | Found a corrupted altar of Lugonu.
 89501 | Abyss:3  | Got an abyssal rune of Zot
 89527 | Abyss:3  | Gained mutation: You are sometimes teleported next to
                  | monsters. [a neqoxec]
 89529 | Abyss:3  | Gained mutation: Your spells are a little easier to cast,
                  | but a little less powerful. [a neqoxec]
 89570 | Depths:4 | Escaped the Abyss
 89653 | Tar:1    | Entered Level 1 of Tartarus
 89982 | Tar:4    | Reached skill level 19 in Earth Magic
 90150 | Tar:6    | Reached skill level 21 in Polearms
 90179 | Tar:7    | Entered Level 7 of Tartarus
 90199 | Tar:7    | Noticed Ereshkigal
 90234 | Tar:7    | Killed Ereshkigal
 90398 | Tar:7    | Reached skill level 20 in Earth Magic
 90662 | Tar:7    | Lost mutation: Your spells are a little easier to cast, but
                  | a little less powerful. [potion of mutation]
 90662 | Tar:7    | Lost mutation: Your body sometimes deteriorates upon taking
                  | damage. [potion of mutation]
 90662 | Tar:7    | Lost mutation: You can roll at foes to attack. [potion of
                  | mutation]
 90662 | Tar:7    | Lost mutation: You occasionally shout uncontrollably at
                  | your foes. [potion of mutation]
 90662 | Tar:7    | Gained mutation: You are resistant to electric shocks.
                  | (rElec) [potion of mutation]
 90664 | Tar:7    | Lost mutation: You possess an exceptional clarity of mind.
                  | [potion of mutation]
 90664 | Tar:7    | Lost mutation: Your flesh is heat resistant. (rF+) [potion
                  | of mutation]
 90664 | Tar:7    | Gained mutation: You expend magic power (3 MP) to
                  | strengthen your wands. [potion of mutation]
 90665 | Tar:7    | Lost mutation: Your magical capacity is low. (-10% MP)
                  | [potion of mutation]
 90665 | Tar:7    | Lost mutation: Your movements are slightly less encumbered
                  | by armour. (ER -2) [potion of mutation]
 90665 | Tar:7    | Lost mutation: You are occasionally teleported next to
                  | monsters. [potion of mutation]
 90665 | Tar:7    | Gained mutation: Your body sometimes deteriorates upon
                  | taking damage. [potion of mutation]
 90665 | Tar:7    | Gained mutation: Your flesh is heat resistant. (rF+)
                  | [potion of mutation]
 90665 | Tar:7    | Gained mutation: You passively map a small area around you.
                  | [potion of mutation]
 90665 | Tar:7    | Gained mutation: You are partially covered in iridescent
                  | scales. (AC +2) [potion of mutation]
 90726 | Tar:7    | Got a bone rune of Zot
 90937 | Geh:1    | Entered Level 1 of Gehenna
 91017 | Geh:2    | Reached skill level 21 in Earth Magic
 91054 | Geh:2    | Found a huge runed gate.
 91054 | Geh:2    | Found a huge runed gate.
 91054 | Geh:2    | Found a huge runed gate.
 91054 | Geh:2    | Found a huge runed gate.
 91054 | Geh:2    | Found a huge runed gate.
 91069 | Geh:2    | Found a huge runed gate.
 91075 | Geh:2    | Found a huge runed gate.
 91075 | Geh:2    | Found a huge runed gate.
 91078 | Geh:2    | Found a huge runed gate.
 91078 | Geh:2    | Found a huge runed gate.
 91079 | Geh:2    | Found a huge runed gate.
 91082 | Geh:2    | Found a huge runed gate.
 91184 | Geh:3    | You fall into a shaft and drop 2 floors!
 91203 | Geh:5    | Noticed a dread lich
 91337 | Geh:7    | Entered Level 7 of Gehenna
 91352 | Geh:7    | Reached skill level 22 in Polearms
 91740 | Geh:7    | Identified the +8 scimitar of Foka Tie {vorpal, rPois Will+
                  | Str+3}
 91815 | Geh:7    | Found the +7 sceptre of Asmodeus
 91815 | Geh:7    | Noticed Asmodeus
 91829 | Geh:7    | Killed Asmodeus
 91830 | Geh:7    | Reached skill level 13 in Spellcasting
 91835 | Geh:7    | Got an obsidian rune of Zot
 92258 | Vaults:3 | Learned a level 9 spell: Shatter
 92599 | Coc:1    | Entered Level 1 of Cocytus
 92599 | Coc:1    | Found a huge runed gate.
 92599 | Coc:1    | Found a huge runed gate.
 92599 | Coc:1    | Found a huge runed gate.
 92599 | Coc:1    | Found a huge runed gate.
 92599 | Coc:1    | Found a huge runed gate.
 92599 | Coc:1    | Found a huge runed gate.
 92599 | Coc:1    | Found a huge runed gate.
 92599 | Coc:1    | Found a huge runed gate.
 92606 | Coc:1    | Noticed a dread lich
 92606 | Coc:1    | Noticed a dread lich
 92608 | Coc:1    | Killed a dread lich
 92608 | Coc:1    | Killed a dread lich
 92609 | Coc:1    | Reached skill level 22 in Earth Magic
 92819 | Coc:3    | Reached skill level 14 in Spellcasting
 92942 | Coc:3    | You fall into a shaft and drop 2 floors!
 92996 | Coc:7    | Entered Level 7 of Cocytus
 93262 | Coc:7    | Noticed Antaeus
 93273 | Coc:7    | Killed Antaeus
 93274 | Coc:7    | Reached skill level 15 in Spellcasting
 93309 | Coc:7    | Got an icy rune of Zot
 93430 | Dis:1    | Entered Level 1 of the Iron City of Dis
 93528 | Dis:2    | You fall into a shaft and drop 2 floors!
 93585 | Dis:7    | Entered Level 7 of the Iron City of Dis
 93832 | Dis:7    | Reached skill level 23 in Polearms
 93894 | Dis:7    | Reached skill level 16 in Spellcasting
 94010 | Dis:7    | Identified Vuhaa's Tome of Toxins and Transmutation
 94169 | Dis:7    | Demolished by an iron giant

Illustrated notes

Levels and vault maps discovered:
D:1:      dpeg_arrival_pits, layout_basic, serial_shops, shop, hex_intersection,
          serial_park_tiny_1
D:2:      layout_rooms
D:3:      minmay_razor_zed, layout_basic, regret_index_temple_of_mockery,
          nicolae_overflow_hidden_temple, serial_shops, nicolae_shop_stone,
          chequers_arboretum, chequers_serial_rivers_micro_d
D:4:      layout_basic, minmay_manual_monstrance
D:5:      layout_cave_pools, kennysheep_generic_room_3, uniq_edmund
D:6:      layout_rooms, minmay_misc_feat_room, kennysheep_generic_room_4,
          uniq_prince_ribbit1
D:7:      layout_rooms, nicolae_qazlal_general_emergency,
          minmay_temple_entry_nine_rooms, enter_bailey_5,
          minmay_misc_feat_square
D:8:      layout_cave_pods, general_overflow_altar,
          chequers_temple_overflow_statue_of_worship, enter_ossuary_5
D:9:      layout_grid_maze, good_gods_mini_temple, minmay_misc_feat_columns,
          uniq_erolcha
D:10:     layout_roguey, dpeg_oklobed_lair, orc_david_3
D:11:     layout_loops_ring
D:12:     layout_stronghold, minmay_protected_statue
D:13:     layout_rooms, david_vaults_3, serial_shops, nicolae_shop_crystal
D:14:     layout_irregular_city, serial_glass, glass_columns_a, glass_columns_a,
          minmay_sticks_and_stones
D:15:     hangedman_depths_entry_civil_slaughter, layout_cave_pods,
          moated_statue, serial_shops, bzr_entry_gold
Lair:1:   layout_misc_corridors, grunt_megastairs_4, minmay_lair_oklob_chamber,
          uniq_harold, uniq_fannar, uniq_maggie
Lair:2:   layout_cellular_growth, nicolae_swamp_entry_splash_gauntlet,
          nicolae_quartered_pool_medium, worms_lemuel
Lair:3:   layout_chaotic_city, spider_nest_entry_funnel_web, st_stairs_12,
          uniq_nergalle
Lair:4:   layout_regular_city, grunt_megastairs_3
Lair:5:   layout_cave_pods, infiniplex_staircase_pool, uniq_nessos, uniq_kirke
Lair:6:   cheibrodos_lair_end_hotspot, layout_layer_cave, slime_altar_1,
          uniq_snorg
Swamp:1:  layout_falls_marsh, evilmike_swamp_ruin_rubble_2
Swamp:2:  nicolae_swamp_wrong_neighborhood, layout_falls_marsh,
          nicolae_swamp_very_dense_foliage
Swamp:3:  layout_basic_swamp, nicolae_swamp_small_spring
Swamp:4:  swamp_basic_johnstein, layout_basic_swamp, gammafunk_ghost_grave,
          swamp_pool3, cheibrodos_swamp_pet_leeches, uniq_aizul
Spider:1: layout_spider_delve, guppyfry_spider_mini_2, uniq_nikola
Spider:2: layout_spider_delve, nicolae_spider_cling_halls, uniq_arachne
Spider:3: layout_chambers, portal_ice_cave_entry_dragon, guppyfry_spider_mini_3,
          uniq_donald
Spider:4: guppyfry_spider_rune, nicolae_orb_stairs
Slime:1:  layout_caves
Slime:2:  cheibrodos_slime_lost_civilization_10, layout_caves
Slime:3:  layout_caves, cheibrodos_slime_lost_civilization_4
Slime:4:  layout_caves, nicolae_slime_ancient_tower_intersection
Slime:5
Orc:1:    layout_caves, serial_shops, shop
Orc:2:    st_orc_congregation, layout_caves
Elf:1:    eino_elf_arrival_sip, layout_gridlike, serial_shops, bzr_firewalk,
          minmay_elf_sorcery, evilmike_spriggan_trog_shrine
Elf:2:    layout_geoelf_octagon, drop_trap
Elf:3:    minmay_elf_hall_hex, layout_onion_city, minivault_16,
          nicolae_elf_v_pinch, uniq_asterion
Vaults:1: nicolae_vaults_little_squares_1, grunt_vaults_funnel, v_misc_14,
          v_misc_15, vaults_room_semicircle, vaults_standard_mumra_lines,
          hangedman_vaults_maws, vaults_room_corners, vaults_room_semicircle,
          layout_vaults_omnigrid, serial_hangedman_research,
          hangedman_research_thanatology
Vaults:2: vaults_mumra_chevron, vaults_dpeg_diagonal,
          nicolae_vaults_back_hallway, minmay_crypt_entry_simple_round,
          hangedman_vaults_corner, nicolae_vaults_little_squares_3,
          nicolae_vaults_diagonal_hallway_7, v_misc_10, vaults_mumra_hex,
          nicolae_vaults_little_squares_5, nicolae_vaults_sealed_display,
          nicolae_vaults_border_crossing, grunt_vaults_hallway_short,
          layout_vaults_omnicross, uniq_saint_roka, uniq_margery, uniq_mennas,
          uniq_bai_suzhen, uniq_mara
Vaults:3: ontoclasm_vaults_bender, hangedman_vaults_stagger,
          nicolae_vaults_little_squares_1, ontoclasm_vaults_ring_square,
          nicolae_vaults_network_square, ontoclasm_vaults_hangar,
          vaults_room_corners, ontoclasm_vaults_pinch, vaults_standard_mumra_x,
          layout_vaults_chaotic_city, serial_shops, shop
Vaults:4: nicolae_vaults_stairing_the_circle, nicolae_vaults_halls_meeting,
          grunt_vaults_bifocal, v_alt_pattern_3, nicolae_vaults_circle_grid_b,
          v_misc_32, ontoclasm_vaults_claustrophobia, nicolae_vaults_what_the_h,
          vaults_room_pool, nicolae_vaults_bisected_slash, v_alt_pattern_1,
          ontoclasm_vaults_ring_small, layout_vaults_omnibox, uniq_sojobo
Vaults:5
Crypt:1:  layout_catacombs, basic_altar, feat_on_display
Crypt:2:  layout_gridlike, nicolae_crypt_little_mausoleum
Crypt:3:  grunt_crypt_end_deaths_head
Depths:1: layout_gridville, hellmouth_3, nicolae_dithmenos_shadow_blocks,
          abyss_entry, serial_shops, shop, minmay_serpent_palace,
          uniq_enchantress
Depths:2: minmay_expanding_circles, layout_basic, hell_entry,
          minmay_staircase_bubble, serial_bayou_shore_b, serial_bayou_shore_b
Depths:3: minmay_the_grid_octo_tiled_squarecenter
          [minmay_the_grid_octo_clover_2, minmay_the_grid_octo_chip,
          minmay_the_grid_octo_thin_diamonds, minmay_the_grid_octo_odd_swirl,
          minmay_the_grid_square_5x5_megaprize_checkered,
          minmay_the_grid_square_5x5_two, minmay_the_grid_square_5x5_fat_x,
          minmay_the_grid_square_5x5_misaligned,
          minmay_the_grid_square_5x5_dogpile], layout_cave_pools,
          rand_demon_pan_entry_1, hell_entry, serial_bayou,
          serial_bayou_lagoon_a, serial_bayou_lagoon_b, serial_bayou_pond_c,
          serial_bayou_pond_b, serial_bayou_shore_b,
          nemelex_xobeh_ov_fountains_minmay, uniq_xtahua
Depths:4: onia_ninara_swampy_vault, layout_gridlike, enter_ziggurat_a,
          minmay_room_of_horrors, hell_entry, chequers_serial_rivers_small_a,
          kennysheep_diamond, kennysheep_generic_room_14,
          infiniplex_staircase_pool_2
Depths:5: evilmike_zot_entry_round, layout_long_grid, rand_demon_pan_entry_7,
          grunt_hell_entry_dis_old, beargit_hepliaklqana_dungeon_heroes
Hell
Dis:1:    layout_jigsaw
Dis:2:    layout_subdivisions
Dis:4:    layout_gridville
Dis:5:    layout_regular_city, nicolae_dis_lava_storage_tank,
          hangedman_dis_decor_blocks_crown
Dis:6:    layout_regular_city, nrook_loot_triangle
Dis:7:    iron_city_of_dis [dis_old, dis_wall_7], layout_chaotic_city
Geh:1:    layout_gehenna_pools_triple, lemuel_flamethrower_3
Geh:2:    layout_gehenna_pools_basic, door_vault
Geh:3:    layout_gehenna_lava_caves
Geh:5:    layout_gehenna_pools_basic, special_room [special_room_morgue]
Geh:6:    layout_gehenna_pools_basic, lemuel_hellion_isle
Geh:7:    geh_old
Coc:1:    layout_ice_bergs, door_vault
Coc:2:    layout_cocytus_water_paths
Coc:3:    layout_ice_bergs
Coc:5:    layout_cocytus_water_paths
Coc:6:    layout_ice_bergs
Coc:7:    coc_mu
Tar:1:    layout_grid_maze
Tar:2:    layout_grid_maze
Tar:3:    layout_honeycomb
Tar:4:    layout_cathedral_of_symmetry
Tar:5:    layout_honeycomb
Tar:6:    layout_cathedral_of_symmetry
Tar:7:    tar_grunt_cathedral

Skill      XL: |  1  2  3  4  5  6  7  8  9 10 11 12 13 14 15 16 17 18 19 20 21 22 23 24 25 26 27 |
---------------+----------------------------------------------------------------------------------+-----
Summonings     | 1 2 3 |  3.0
Fighting       | 2 3 4 5 6 7 9 10 11 14 15 18 20 21 23 26 | 26.0
Polearms       | 3 6 9 10 12 14 23 | 23.1
Short Blades   | 6 8 |  8.6
Armour         | 4 5 8 11 12 13 | 13.9
Dodging        | 3 4 6 7 8 9 11 12 | 12.6
Invocations    | 3 5 6 8 10 12 | 12.0
Transmutations | 3 6 9 12 13 14 15 | 15.0
Earth Magic    | 2 5 10 11 14 22 | 22.8
Translocations | 4 5 12 | 12.0
Shields        | 5 9 |  9.0
Evocations     | 5 7 10 11 12 15 | 15.0
Conjurations   | 6 8 10 | 10.0
Spellcasting   | 7 8 9 12 16 | 16.6
Necromancy     | 5 9 10 | 10.0
Stealth        | |  1.2

Action                   |  1- 3 |  4- 6 |  7- 9 | 10-12 | 13-15 | 16-18 | 19-21 | 22-24 | 25-27 || total
-------------------------+-------+-------+-------+-------+-------+-------+-------+-------+-------++-------
Melee: Dagger            |    26 |       |     3 |       |       |       |       |       |       ||    29
       Tailslap          |     6 |    12 |    26 |    78 |   285 |   378 |   255 |   222 |   343 ||  1605
       Short sword       |    47 |    79 |    10 |       |       |       |       |       |       ||   136
       Hand axe          |       |    47 |    10 |       |       |       |       |       |       ||    57
       Spear             |       |       |    51 |       |       |       |       |       |       ||    51
       Trident           |       |       |    47 |       |       |       |       |       |       ||    47
       Flail             |       |       |    89 |       |       |       |       |       |       ||    89
       Quick blade       |       |       |    61 |   564 |  1654 |  2301 |  1286 |       |       ||  5866
       Unarmed           |       |       |       |       |     3 |       |       |       |       ||     3
       Trishula          |       |       |       |       |       |       |   259 |  1370 |  2902 ||  4531
       Kick              |       |       |       |       |       |       |       |     3 |       ||     3
Throw: Dart              |       |       |    16 |       |       |       |       |       |       ||    16
       Throwing net      |       |       |       |       |       |     1 |       |       |     2 ||     3
 Cast: Magic Dart        |    94 |    54 |    56 |       |       |       |       |       |       ||   204
       Call Imp          |    13 |    24 |    53 |       |       |       |       |       |       ||    90
       Blink             |       |       |    19 |       |       |       |       |       |     5 ||    24
       Slow              |       |       |    10 |       |       |       |       |       |       ||    10
       Irradiate         |       |       |       |       |       |     3 |    60 |    31 |    57 ||   151
       Statue Form       |       |       |       |       |       |       |       |     2 |   178 ||   180
       Borgnjor's Vile C |       |       |       |       |       |       |       |     1 |    65 ||    66
       Sublimation of Bl |       |       |       |       |       |       |       |       |    25 ||    25
       Lee's Rapid Decon |       |       |       |       |       |       |       |       |    17 ||    17
       Passage of Golubr |       |       |       |       |       |       |       |       |    16 ||    16
       Passwall          |       |       |       |       |       |       |       |       |    15 ||    15
       Apportation       |       |       |       |       |       |       |       |       |    12 ||    12
       Manifold Assault  |       |       |       |       |       |       |       |       |     8 ||     8
       Iron Shot         |       |       |       |       |       |       |       |       |     2 ||     2
       Shatter           |       |       |       |       |       |       |       |       |     2 ||     2
Invok: Recall Ancestor   |       |       |     2 |     5 |    11 |     3 |     1 |     5 |    47 ||    74
       Ancestor Identity |       |       |     1 |       |       |       |       |       |       ||     1
       Ancestor Life: Ba |       |       |     1 |       |       |       |       |       |       ||     1
       Idealise          |       |       |       |     2 |     4 |     7 |     4 |     2 |    28 ||    47
       Transference      |       |       |       |       |     2 |       |     2 |     1 |     2 ||     7
 Abil: Rolling Charge    |     1 |     2 |     6 |    25 |    75 |    46 |    34 |    26 |    92 ||   307
       End Transformatio |       |       |       |       |       |       |       |     1 |    26 ||    27
Evoke: Wand              |       |       |     4 |     4 |     5 |    10 |     5 |     1 |    14 ||    43
       Lightning rod     |       |       |       |       |    12 |    10 |    10 |     5 |       ||    37
       Tin of tremorston |       |       |       |       |     5 |     9 |     9 |     4 |    15 ||    42
       Phial of floods   |       |       |       |       |     1 |     2 |     4 |       |       ||     7
       Box of beasts     |       |       |       |       |       |       |     3 |       |     2 ||     5
       Phantom mirror    |       |       |       |       |       |       |       |       |     5 ||     5
       Condenser vane    |       |       |       |       |       |       |       |       |     1 ||     1
  Use: Scroll            |     2 |     1 |     5 |    14 |    13 |     4 |    18 |     6 |    57 ||   120
       Potion            |       |       |     4 |       |     1 |     5 |     5 |     5 |    23 ||    43
 Stab: Sleeping          |       |     2 |     1 |       |       |       |       |       |       ||     3
       Distracted        |       |       |     5 |     6 |    21 |    24 |    16 |    22 |    62 ||   156
       Paralysed         |       |       |     7 |     2 |     7 |       |       |       |     3 ||    19
       Held in net/web   |       |       |       |       |       |     3 |       |       |     1 ||     4
Armor: Robe              |    56 |    40 |   105 |    21 |       |       |       |       |       ||   222
       Chain mail        |       |       |       |    13 |   480 |   890 |   568 |   508 |    61 ||  2520
       Troll leather arm |       |       |       |    82 |    44 |       |       |       |   112 ||   238
       Skin              |       |       |       |       |       |       |       |       |  1251 ||  1251
Dodge: Dodged            |    59 |    65 |   123 |   185 |   299 |   438 |   245 |   305 |  1479 ||  3198
Block: Buckler           |       |       |       |    24 |     4 |       |       |       |       ||    28
       Kite shield       |       |       |       |       |   420 |   949 |   586 |   704 |  2585 ||  5244

Table legend: (Time is in decaauts)
 A = Elapsed time spent in this place.
 B = Non-inter-level travel time spent in this place.
 C = Inter-level travel time spent in this place.
 D = Time resting spent in this place.
 E = Time spent auto-exploring this place.
 F = Levels seen in this place.
 G = Mean time per level.
                   A        B        C        D        E       F      G
               +--------+--------+--------+--------+--------+-----+--------+
         Total |  93330 |  86273 |   7057 |  14543 |  51641 | 114 |  818.7 |
       Dungeon |  23181 |  20749 |   2432 |   5401 |  12682 |  15 | 1545.4 |
          Lair |   8549 |   7411 |   1138 |    646 |   5819 |   6 | 1424.8 |
         Swamp |   4545 |   4371 |    174 |    389 |   3383 |   4 | 1136.2 |
   Spider Nest |   5522 |   5324 |    198 |    430 |   3922 |   4 | 1380.5 |
    Slime Pits |   1638 |   1560 |     78 |   1033 |     14 |   5 |  327.6 |
  Orcish Mines |   3098 |   2912 |    186 |    301 |   1992 |   2 | 1549.0 |
   Elven Halls |   5532 |   5174 |    358 |    797 |   3699 |   3 | 1844.0 |
        Vaults |  11278 |  10369 |    909 |    880 |   7717 |   5 | 2255.6 |
         Crypt |   5339 |   4956 |    383 |    275 |   3781 |   3 | 1779.7 |
        Depths |  10626 |   9632 |    994 |   1402 |   6447 |   5 | 2125.2 |
          Hell |   1032 |    840 |    192 |     89 |    461 |   1 | 1032.0 |
           Dis |    932 |    932 |      0 |    124 |     44 |   6 |  155.3 |
       Gehenna |   1108 |   1108 |      0 |    262 |      0 |   6 |  184.7 |
       Cocytus |    928 |    928 |      0 |    146 |      0 |   6 |  154.7 |
      Tartarus |   1275 |   1264 |     11 |    292 |      0 |   7 |  182.1 |
         Abyss |   1010 |   1010 |      0 |      9 |    368 |   4 |  252.5 |
   Pandemonium |   4051 |   4051 |      0 |    948 |    267 |  14 |  289.4 |
      Ziggurat |   1282 |   1282 |      0 |    406 |     24 |  15 |   85.5 |
       Ossuary |    344 |    344 |      0 |      0 |    230 |   1 |  344.0 |
        Bailey |    762 |    762 |      0 |    289 |    214 |   1 |  762.0 |
      Ice Cave |   1289 |   1289 |      0 |    422 |    574 |   1 | 1289.0 |
               +--------+--------+--------+--------+--------+-----+--------+

Top non-repeatable levels by time:
  Lair:6: 2943 daAuts
Depths:4: 2797 daAuts
   Elf:3: 2792 daAuts
     D:4: 2508 daAuts
Vaults:2: 2472 daAuts
Vaults:3: 2454 daAuts
    D:15: 2254 daAuts
Vaults:1: 2231 daAuts
Depths:5: 2228 daAuts
 Crypt:3: 2225 daAuts
     D:5: 2177 daAuts
Depths:1: 2146 daAuts
     D:3: 2108 daAuts
Vaults:5: 2094 daAuts
Vaults:4: 2025 daAuts
